 Dungeon Crawl Stone Soup version 0.31-a0-162-gc4c5a43528 (webtiles) character file.

Game seed: 14015226311917203658

356452 qw the Slayer (level 22, -10/161 HPs)
             Began as a Gargoyle Hunter on June 12, 2023.
             Was an Elder of Okawaru.
             Mangled by a spriggan berserker
             ... wielding a +2 antimagic war axe
              (15 damage)
             ... on level 4 of the Depths.
             The game lasted 00:20:20 (36937 turns).

qw the Slayer (Gargoyle Hunter)                    Turns: 36937, Time: 00:20:20

Health: -10/161    AC: 45    Str: 21    XL:     22   Next: 34%
Magic:  12/29      EV: 41    Int:  7    God:    Okawaru [****..]
Gold:   1338       SH:  0    Dex: 31    Spells: 21/21 levels left

rFire   . . .        a - +6 longbow "Luim" {heavy, Contam rPois rN+}
rCold   . . .        (shield currently unavailable)
rNeg    + + .        b - +3 ring mail of the Swan {Rampage Regen+}
rPois   inf          m - +2 helmet
rElec   +            D - +2 cloak
rCorr   +            r - +2 pair of gloves of Okawaru's Reproof {rCorr Str+6 Int-4}
SInv    +            o - +2 pair of boots {rampage}
Will    +....        p - amulet of faith
Stlth   ++++         d - +6 ring of dexterity
HPRegen 1.26/turn    x - +5 ring of evasion
MPRegen 0.21/turn

%: rampage, faith
@: about to teleport, heroic, flying
A: sickness immunity, AC +16, big wings, negative energy resistance 1,
electricity resistance, torment resistance 1, petrification resistance, see
invisible, agile 1, screaming 1
}: 2/15 runes: decaying, serpentine
a: Renounce Religion, Heroism, Finesse


You were on level 4 of the Depths.
You worshipped Okawaru.
Okawaru was greatly pleased with you.
You visited 8 branches of the dungeon, and saw 39 of its levels.

You collected 4204 gold pieces.
You spent 2866 gold pieces at shops.


Innate Abilities, Weirdness & Mutations

You are immune to sickness and miasma.
Your stone body is resilient. (AC +16)
You are immune to poison.
Your large and strong wings let you fly.
You resist negative energy. (rN+)
You are resistant to electric shocks. (rElec)
You are resistant to unholy torment.
You are immune to petrification.
You have supernaturally acute eyesight. (SInv)
You are agile. (Dex +4, Str/Int -1)
You occasionally shout uncontrollably at your foes.


   Skills:
 - Level 24.0(27) Fighting
 - Level 20.0(25.0) Ranged Weapons
 - Level 16.0(21.0) Armour
 + Level 17.8(22.8) Dodging
 - Level 1.1(6.1) Stealth
 - Level 10.0 Invocations


You had 21 spell levels left.
You didn't know any spells.
Your spell library was empty.

Inventory:

Hand Weapons
 a - the +6 longbow "Luim" (weapon) {heavy, Contam rPois rN+}
   (You acquired it on level 3 of the Dungeon)

   rPois:     It protects you from poison.
   rN:        It protects you from negative energy.
   Contam:    It causes magical contamination when unequipped.
 v - the +6 arbalest of the Dripping Gods {flame, rC+ Will+ Dex+3}
   (Okawaru gifted it to you on level 4 of the Swamp)

   Dex:       It affects your dexterity (+3).
   rC:        It protects you from cold.
   Will:      It increases your willpower.
 H - a +3 longbow
Armour
 b - the +3 ring mail of the Swan (worn) {Rampage Regen+}
   (Okawaru gifted it to you on level 1 of the Snake Pit)

   Regen:     It increases your rate of health regeneration.
   Rampage:   It bestows one free step when moving towards enemies.
 g - the +0 cloak "Otzunaozei" {rPois rC+ Str-4}
   (Okawaru gifted it to you on level 14 of the Dungeon)

   Str:       It affects your strength (-4).
   rC:        It protects you from cold.
   rPois:     It protects you from poison.
 m - a +2 helmet (worn)
 o - a +2 pair of boots of rampaging (worn)
 r - the +2 pair of gloves of Okawaru's Reproof (worn) {rCorr Str+6 Int-4}
   (Okawaru gifted it to you on level 11 of the Dungeon)

   Str:       It affects your strength (+6).
   Int:       It affects your intelligence (-4).
   rCorr:     It protects you from acid and corrosion.
 w - a +2 ring mail of cold resistance
 D - a +2 cloak (worn)
Jewellery
 d - a +6 ring of dexterity (left hand)
 p - an amulet of faith (around neck)
 s - a ring of ice
 x - a +5 ring of evasion (right hand)
 y - the amulet of Ciopty {Spirit rC+++ Regen+ Int-3 Dex+5}
   (You acquired it on level 3 of the Swamp)

   [amulet of guardian spirit]

   It causes incoming damage to be divided between your reserves of health and
   magic.
   Int:       It affects your intelligence (-3).
   Dex:       It affects your dexterity (+5).
   rC:        It renders you almost immune to cold.
   Regen:     It increases your rate of health regeneration.
 E - a ring of protection from fire
 F - the amulet of Yptafuad {Acrobat rPois rN++ rCorr Dex+3 Slay-5}
   (You bought it in a shop on level 1 of the Depths)

   [amulet of the acrobat]

   It increases your evasion while moving and waiting.
   Dex:       It affects your dexterity (+3).
   Slay:      It affects your accuracy & damage with ranged weapons and melee
   (-5).
   rPois:     It protects you from poison.
   rN:        It greatly protects you from negative energy.
   rCorr:     It protects you from acid and corrosion.
Wands
 G - a wand of digging (1)
Scrolls
 e - 9 scrolls of enchant weapon
 f - 12 scrolls of teleportation
 j - 8 scrolls of identify
 n - a scroll of brand weapon
 B - 3 scrolls of enchant armour
Potions
 c - 2 potions of resistance
 h - 2 potions of might
 i - 3 potions of heal wounds
 k - 8 potions of attraction
 l - 17 potions of curing
 q - 3 potions of mutation
 t - 5 potions of haste
 u - 2 potions of magic
 z - 6 potions of lignification
 A - a potion of cancellation

Dungeon Overview and Level Annotations

Branches:
Dungeon (15/15)            Temple (1/1) D:4            Lair (5/5) D:11
  Swamp (4/4) Lair:2        Snake (4/4) Lair:2        Slime (0/5) Lair:4
    Orc (2/2) D:9             Elf (0/3) Orc:2        Vaults (4/5) D:14
  Crypt (0/3) Vaults:3     Depths (4/4) D:15            Zot (0/5) Depths:4

Altars:
Ashenzari
Cheibriados
Dithmenos
Elyvilon
Fedhas
Gozag
Hepliaklqana
Kikubaaqudgha
Makhleb
Nemelex Xobeh
Okawaru
Qazlal
Ru
Sif Muna
Trog
Uskayaw
Vehumet
Wu Jian
Xom
Yredelemnul
Zin
The Shining One
Jiyva

Shops:
D:7 [   D:8 *   D:13 !   Orc:2 (((*[   Snake:1 **   Snake:2 :   Snake:3 =
Vaults:1 (   Depths:1 :=:

Portals:
Hell: Depths:1 Depths:2 Depths:3
Abyss: Depths:1 Depths:2 Depths:3
Pandemonium: Depths:2
Ziggurat: Depths:1
Trove: Vaults:4 (give +6 demon whip)

Annotations:
D:9 2 transporters, qw's ghost, novice MiHu
D:12 2 transporters
Lair:4 2 transporters
Swamp:3 exclusion: 2 ghost crabs
Snake:1 exclusions: 2 electric eels, 2 nagas and 9 naga sharpshooters
Snake:3 1 runed translucent door


Message History

The frost giant freezes you.
The deep troll earth mage completely misses you. x3
The cyan very ugly thing bites you but does no damage.
36933 ||| DRINKING 4 potions of heal wounds.
You feel much better. The frost giant completely misses you.
The deep troll completely misses you. x3
The deep troll earth mage completely misses you. x2
The deep troll earth mage claws you but does no damage.
The deep troll barely misses you. The deep troll misses you.
The deep troll completely misses you.
The iron troll completely misses you. x2
The iron troll barely misses you.
The cyan very ugly thing completely misses you.
You shoot an arrow. The arrow hits the frost giant.
The frost giant is almost dead.
Your surroundings seem slightly different.
The deep troll earth mage gestures next to the deep troll while chanting.
Some rock shatters into small pieces.
You shoot an arrow. The arrow hits the spriggan berserker.
The spriggan berserker is lightly wounded.
The spriggan berserker rages.
The fire giant casts a spell at you.
The fireball explodes!
The fireball engulfs you but does no damage.
The spriggan berserker completely misses you.
You hear a roar! x2
You shoot an arrow.
The arrow hits the spriggan berserker!!!
The spriggan berserker is heavily wounded.
The spriggan berserker hits you with a +2 antimagic war axe!!
You feel your power leaking away.
The deep troll earth mage casts a spell next to the frost giant.
Some rock shatters into small pieces.
36937 ||| READING 13 scrolls of teleportation.
As you read the scroll of teleportation, it crumbles to dust.
You feel strangely unstable.
The spriggan berserker hits you but does no damage.
The fire giant gestures at you while chanting.
The bolt of fire hits you!!
The spriggan berserker hits you with a +2 antimagic war axe!
You die...

.##.##....##...
##...##.....#.........
....uu.u..............
##..u##...u##.........
.##.##.Tu.##..........
..#.#T..TTC..C........
#......#..Tu##........
#.....#TD#.C#Q.......#
.......Q##...i@....#
##..D##.#..#.....###
.##.##....##..####
.G#.#..##.#..## #....#
..... ...# .##


You could see a golden dragon, a frost giant, 3 very ugly things, 2 fire giants,
an iron troll, a purple ugly thing, 2 tengu warriors, 3 deep trolls, a spriggan
berserker (berserk, regenerating, strong-willed) and a deep troll earth mage.

Vanquished Creatures
  An ancient lich (Depths:2)
  A dread lich (Depths:2)
  A juggernaut (Depths:4)
  Saint Roka (Depths:1)
  the Lernaean hydra (Swamp:4)
  Vashnia (Snake:4)
  A golden dragon (Depths:4)
  Nikola (Vaults:1)
  2 bone dragons
  Mlioglotl (Swamp:4)
  A tentacled monstrosity (Swamp:2)
  A lich (Depths:1)
  4 sphinxes
  A thorn hunter (Swamp:4)
  2 storm dragons
  Donald (Vaults:1)
  7 nagarajas
  4 tengu reavers
  An iron dragon (Depths:2)
  3 frost giants
  A deep elf sorcerer (Depths:2)
  A balrug (Depths:1)
  6 fire giants
  Aizul (Snake:1)
  Louise (Swamp:1)
  8 vault wardens
  17 ironbound preservers
  A draconian stormcaller (Depths:4)
  3 orc warlords
  A spriggan defender (Depths:2)
  A vampire knight (Depths:3)
  6 very ugly things
  A caustic shrike skeleton (D:15)
  A formless jellyfish (Vaults:2)
  6 ironbound thunderhulks
  8 stone giants
  A war gargoyle (Vaults:2)
  A yellow draconian (Depths:4)
  A deep elf annihilator (Depths:2)
  A red draconian (Depths:4)
  2 spark wasps (Depths:3)
  4 bunyips
  A white draconian (Depths:4)
  A black draconian (Depths:4)
  Snorg (D:10)
  5 eleionomae
  2 dire elephants (Vaults:1)
  A deep elf death mage (Vaults:2)
  A blizzard demon (Depths:1)
  8 ettins
  7 great orbs of eyes
  2 entropy weavers
  7 fire dragons
  6 vault guards
  A peacekeeper (Vaults:2)
  A shambling mangrove (Swamp:4)
  7 yaktaur captains
  A salamander tyrant (Snake:4)
  A rakshasa (Depths:1)
  7 ice dragons
  Fannar (Lair:2)
  Harold (D:9)
  A hell beast (Depths:2)
  28 hydras
  8 anacondas
  3 catoblepae
  8 spriggan air magi
  A merfolk avatar (Lair:5)
  8 ironbound frosthearts
  An ogre mage (D:15)
  7 two-headed ogres
  3 centaur warriors
  6 boulder beetles
  5 alligators
  17 naga warriors
  12 tengu warriors
  3 vampire magi
  5 death yaks (Lair:3)
  2 deep troll shamans (Depths:2)
  A hell hog (Depths:2)
  3 spriggan berserkers
  5 deep troll earth magi
  2 orc high priests
  2 shock serpents
  20 naga sharpshooters
  2 sun demons (Depths:1)
  A hell knight (Depths:4)
  A skyshark (Lair:5)
  An iron troll (Depths:2)
  5 goliath frogs
  50 deep trolls
  3 spriggan druids
  5 skeletal warriors (D:15)
  4 salamander mystics
  8 naga ritualists
  8 sea snakes
  3 lindwurms (Vaults:1)
  7 wizards
  An obsidian statue (Vaults:3)
  3 bog bodies
  2 glowing orange brains
  11 orc knights
  13 swamp dragons
  3 phantasmal warriors
  14 ironbound convokers
  3 harpies
  3 necromancers
  A sphinx zombie (Vaults:3)
  11 manticores
  A spectral spriggan (Swamp:3)
  42 ugly things
  12 mana vipers
  2 tengu skeletons
  4 will-o-the-wisps
  3 cyclopes
  2 deep elf pyromancers (D:12)
  6 orc sorcerers
  2 oklob plants (Lair:4)
  A shadow dragon skeleton (D:15)
  22 salamanders
  28 black mambas
  14 vault sentinels
  An elephant (Lair:5)
  7 guardian serpents
  Maggie (D:10)
  3 gargoyles
  2 smoke demons (Depths:1)
  12 naga magi
  10 cane toads
  4 rime drakes
  2 unseen horrors (D:12)
  26 yaktaurs
  Psyche (D:11)
  An efreet (D:14)
  11 komodo dragons
  7 tengu conjurers
  4 ice devils (Depths:1)
  2 bloated husks
  4 trolls
  4 polar bears
  A wind drake (Lair:5)
  9 hornets
  6 tyrant leeches
  13 blink frogs
  A dream sheep (shapeshifter) (Depths:3)
  2 human skeletons (Vaults:4)
  3 dream sheep (Lair:3)
  Sigmund (D:4)
  2 snapping turtles (Lair:5)
  A spriggan zombie (D:15)
  32 slime creatures
  6 spriggans
  A culicivora (Vaults:4)
  3 vampires (Vaults:3)
  3 water elementals
  3 shadows
  4 wraiths
  6 wyverns
  61 yaks
  Grum (D:8)
  4 basilisks
  11 humans (D:14)
  An elf skeleton (Vaults:3)
  A redback (shapeshifter) (D:13)
  10 vampire mosquitoes
  5 redbacks
  2 steam dragons
  4 wargs
  18 swamp worms
  43 nagas
  2 acid dragons
  13 water moccasins
  Duvessa (D:4)
  44 orc warriors
  6 hell hounds (Depths:1)
  A human zombie (Vaults:4)
  9 swamp drakes
  An ice beast (Vaults:1)
  A sky beast (D:7)
  3 black bears
  12 ogres
  5 boggarts (Vaults:1)
  18 wolves
  15 centaurs
  A phantom (D:5)
  2 kobold brigands
  14 bullfrogs
  6 scorpions
  2 gnoll sergeants
  Dowan (D:4)
  5 wights (D:7)
  20 killer bees
  2 electric eels (Snake:1)
  10 howler monkeys
  5 crimson imps
  2 lava snakes (Lair:2)
  2 gnoll boudas
  32 orc priests
  4 hounds
  4 jellies
  6 iguanas
  2 sleepcaps
  39 orc wizards
  11 gnolls
  5 adders
  6 white imps
  2 ufetubi
  2 worms
  2 dart slugs (D:1)
  118 orcs
  5 endoplasms
  A giant cockroach (D:1)
  4 hobgoblins
  A jackal (D:5)
  7 kobolds
  2 quokkas
  4 ball pythons
  2 bats
  3 frilled lizards
  6 goblins
  A goblin skeleton (D:8)
  A goblin zombie (D:8)
  2 hobgoblin zombies (D:8)
  A kobold skeleton (D:8)
  A kobold zombie (D:8)
  An orc skeleton (D:8)
  2 orc zombies (D:8)
  4 rats
1468 creatures vanquished.

Vanquished Creatures (others)
  A catoblepas (Lair:5)
  A wyvern (Lair:5)
  An orc (Orc:1)
  4 foxfires
7 creatures vanquished.

Grand Total: 1475 creatures vanquished

Notes
Turn   | Place    | Note
-------+----------+-------------------------------------------
     0 | D:1      | qw the Gargoyle Hunter began the quest for the Orb.
     0 | D:1      | Reached XP level 1. HP: 12/12 MP: 1/1
     0 | D:1      | 0 ||| qw: Version: 0.2-a-29-gc1b59c4
     0 | D:1      | 0 ||| qw: Game counter: 4398
     0 | D:1      | 0 ||| qw: Always use a shield: true
     0 | D:1      | 0 ||| qw: God list: Okawaru
     0 | D:1      | 0 ||| qw: Allow faded altars: false
     0 | D:1      | 0 ||| qw: Do Orc after D:15 true
     0 | D:1      | 0 ||| qw: Do second Lair branch before Depths: true
     0 | D:1      | 0 ||| qw: Lair rune preference: random
     0 | D:1      | 0 ||| qw: Plans: Normal, Zot:1-4, Slime:5, God:TSO, Crypt,
                  | Tomb, Abyss, Pan, Hells, Win
     0 | D:1      | 0 ||| PLANNING D:1-11
   117 | D:1      | Reached XP level 2. HP: 17/17 MP: 2/2
   287 | D:1      | Found a faded altar of an unknown god.
   485 | D:1      | 485 ||| READING scroll labelled POCRON SYLY.
   488 | D:1      | 488 ||| DROPPING scroll of butterflies.
   638 | D:2      | HP: 4/17 [adder (3)]
   641 | D:2      | Reached XP level 3. HP: 5/21 MP: 3/3
  1000 | D:2      | 1000 ||| UPGRADING to +0 ring mail.
  1010 | D:2      | 1010 ||| DROPPING +0 leather armour.
  1011 | D:2      | 1011 ||| UPGRADING to amulet of the acrobat.
  1016 | D:2      | 1016 ||| READING scroll labelled INOFIRPHE XUGYL.
  1040 | D:3      | Reached skill level 1 in Armour
  1356 | D:3      | Found an ornate altar of the Wu Jian Council.
  1491 | D:3      | Reached XP level 4. HP: 27/27 MP: 4/4
  1762 | D:3      | Reached skill level 3 in Fighting
  1771 | D:3      | 1771 ||| FLEEEEING.
  1772 | D:3      | 1772 ||| FLEEEEING.
  1778 | D:3      | 1778 ||| FLEEEEING.
  1930 | D:3      | 1930 ||| READING scroll labelled QUIVUO URHO.
  1931 | D:3      | 1931 ||| READING scroll labelled MURUSEEFRI.
  1931 | D:3      | Identified a scroll of acquirement
  1931 | D:3      | 1931 ||| ACQUIRING +6 longbow "Luim" {heavy, Contam rPois
                  | rN+}
  1931 | D:3      | Acquired the +6 longbow "Luim" {heavy, Contam rPois rN+}
  1933 | D:3      | 1933 ||| SWAPPING to +6 longbow "Luim" {heavy, Contam rPois
                  | rN+}.
  1934 | D:3      | 1934 ||| READING 2 scrolls labelled YLE JAOCUTE.
  1935 | D:3      | 1935 ||| DROPPING scroll of noise.
  1958 | D:4      | Noticed an ogre
  1959 | D:4      | Killed an ogre
  1960 | D:4      | Reached skill level 6 in Ranged Weapons
  1960 | D:4      | Reached XP level 5. HP: 31/32 MP: 5/5
  2010 | D:4      | Found a staircase to the Ecumenical Temple.
  2011 | D:4      | 2011 ||| PLANNING TEMPLE
  2011 | D:4      | 2011 ||| UPGRADING to ring of see invisible.
  2015 | Temple   | Entered the Ecumenical Temple
  2041 | Temple   | 2041 ||| PLANNING D:1-11
  2063 | D:4      | Reached skill level 4 in Fighting
  2066 | D:4      | Reached XP level 6. HP: 38/38 MP: 6/6
  2088 | D:4      | Found a broken altar of Ashenzari.
  2093 | D:4      | Noticed Dowan
  2097 | D:4      | Noticed Duvessa
  2100 | D:4      | Killed Dowan
  2102 | D:4      | Killed Duvessa
  2232 | D:4      | Found a hazy altar of Hepliaklqana.
  2254 | D:4      | Found a stormy altar of Qazlal.
  2255 | D:4      | 2255 ||| UPGRADING to +2 ring mail of willpower.
  2271 | D:4      | 2271 ||| DROPPING +0 ring mail.
  2272 | D:4      | 2272 ||| UPGRADING to +2 helmet.
  2357 | D:4      | Noticed a black bear
  2362 | D:4      | Killed a black bear
  2363 | D:4      | Reached XP level 7. HP: 25/43 MP: 7/7
  2474 | D:4      | Found an iron altar of Okawaru.
  2475 | D:4      | 2475 ||| PLANNING OKAWARU WORSHIP
  2475 | D:4      | 2475 ||| READING scroll labelled OTAM METENAY.
  2482 | D:4      | Became a worshipper of Warmaster Okawaru
  2482 | D:4      | 2482 ||| PLANNING D:1-11
  2487 | D:4      | Noticed Sigmund
  2493 | D:4      | Killed Sigmund
  2683 | D:5      | Entered Level 5 of the Dungeon
  2690 | D:5      | Found a shimmering blue altar of Sif Muna.
  2701 | D:5      | Reached skill level 5 in Fighting
  2701 | D:5      | Reached XP level 8. HP: 49/49 MP: 8/8
  2873 | D:5      | 2873 ||| Stepping ~*~*~tactically~*~*~ (outnumbered).
  2874 | D:5      | Reached * piety under Okawaru
  2879 | D:5      | Reached skill level 1 in Invocations
  3004 | D:5      | Reached skill level 9 in Ranged Weapons
  3036 | D:5      | 3036 ||| INVOKING Heroism.
  3038 | D:5      | Reached skill level 3 in Invocations
  3070 | D:5      | 3070 ||| INVOKING Heroism.
  3111 | D:5      | 3111 ||| Stepping ~*~*~tactically~*~*~ (water).
  3242 | D:5      | Found a white marble altar of Elyvilon.
  3407 | D:5      | 3407 ||| READING 2 scrolls labelled READEORHOLL.
  3408 | D:5      | 3408 ||| DRINKING 2 clear potions.
  3409 | D:5      | 3409 ||| DRINKING 2 metallic brown potions.
  3410 | D:5      | 3410 ||| DROPPING potion of degeneration.
  3423 | D:6      | 3423 ||| INVOKING Heroism.
  3425 | D:6      | Reached skill level 6 in Fighting
  3457 | D:6      | Found an ancient bone altar of Kikubaaqudgha.
  3523 | D:6      | 3523 ||| INVOKING Heroism.
  3550 | D:6      | Found a radiant altar of Vehumet.
  3688 | D:6      | Reached XP level 9. HP: 55/55 MP: 12/12
  3875 | D:6      | Found a bloodstained altar of Trog.
  3964 | D:6      | 3964 ||| UPGRADING to +0 pair of gloves.
  3969 | D:6      | 3969 ||| READING scroll labelled XOBLYU YFYNI.
  3970 | D:6      | 3970 ||| READING 2 scrolls of identify.
  3970 | D:6      | 3970 ||| IDENTIFYING lumpy dark potion
  3971 | D:6      | 3971 ||| DROPPING potion of berserk rage.
  4037 | D:7      | 4037 ||| INVOKING Heroism.
  4083 | D:7      | Reached skill level 3 in Armour
  4086 | D:7      | 4086 ||| INVOKING Heroism.
  4209 | D:7      | Reached skill level 7 in Fighting
  4215 | D:7      | Found Kuddam's Antique Armour Boutique.
  4222 | D:7      | 4222 ||| BUYING glowing robe (107 gold).
  4222 | D:7      | Bought a glowing robe for 107 gold pieces
  4222 | D:7      | 4222 ||| BUYING pair of glowing boots (217 gold).
  4222 | D:7      | Bought a pair of glowing boots for 217 gold pieces
  4275 | D:7      | Found a sparkling altar of Nemelex Xobeh.
  4437 | D:7      | Noticed a komodo dragon
  4437 | D:7      | Noticed a manticore
  4438 | D:7      | 4438 ||| INVOKING Heroism.
  4439 | D:7      | 4439 ||| Stepping ~*~*~tactically~*~*~ (outnumbered).
  4440 | D:7      | 4440 ||| Stepping ~*~*~tactically~*~*~ (outnumbered).
  4442 | D:7      | Killed a komodo dragon
  4449 | D:7      | Killed a manticore
  4453 | D:7      | Reached XP level 10. HP: 54/63 MP: 13/13
  4453 | D:7      | Reached ** piety under Okawaru
  4454 | D:7      | 4454 ||| INVOKING Heroism.
  4466 | D:7      | Reached skill level 8 in Fighting
  4525 | D:7      | Identified the staff of air "Ziuh" {+Blink rElec rF++
                  | Int-5}
  4530 | D:7      | Identified the +0 chain mail of Gorier {Harm rF+ Str+3
                  | Dex-4}
  4837 | D:7      | 4837 ||| DROPPING +2 robe.
  4838 | D:7      | 4838 ||| UPGRADING to +0 pair of boots of rampaging.
  4843 | D:7      | 4843 ||| DROPPING amulet of magic regeneration.
  4844 | D:7      | 4844 ||| READING scroll labelled QUCIUDOFAU.
  4845 | D:7      | 4845 ||| READING scroll labelled CEQOYSHREYTI.
  4846 | D:7      | 4846 ||| READING scroll labelled QOBEELE TOEWO.
  4847 | D:7      | 4847 ||| DRINKING 3 viscous pink potions.
  4848 | D:7      | 4848 ||| DRINKING 2 grey potions.
  4849 | D:7      | 4849 ||| READING 4 scrolls of identify.
  4849 | D:7      | 4849 ||| IDENTIFYING metallic sapphire potion
  4850 | D:7      | 4850 ||| READING 3 scrolls of identify.
  4850 | D:7      | 4850 ||| IDENTIFYING murky golden potion
  4851 | D:7      | 4851 ||| READING 2 scrolls of identify.
  4851 | D:7      | 4851 ||| IDENTIFYING brown potion
  4852 | D:7      | 4852 ||| DROPPING potion of brilliance.
  4914 | D:8      | Found a glowing golden altar of the Shining One.
  5065 | D:8      | Found Hociash's General Store.
  5073 | D:8      | 5073 ||| BUYING 2 potions of heal wounds (120 gold).
  5073 | D:8      | Bought 2 potions of heal wounds for 120 gold pieces
  5073 | D:8      | 5073 ||| BUYING scroll of identify (24 gold).
  5073 | D:8      | Bought a scroll of identify for 24 gold pieces
  5073 | D:8      | 5073 ||| DROPPING +1 shortbow.
  5094 | D:8      | 5094 ||| INVOKING Heroism.
  5257 | D:8      | 5257 ||| INVOKING Heroism.
  5262 | D:8      | Reached skill level 12 in Ranged Weapons
  5398 | D:8      | 5398 ||| INVOKING Heroism.
  5399 | D:8      | HP: 14/64 [hornet (4)]
  5400 | D:8      | 5400 ||| READING scroll of teleportation.
  5401 | D:8      | 5401 ||| DRINKING 4 potions of heal wounds.
  5403 | D:8      | Reached *** piety under Okawaru
  5571 | D:8      | 5571 ||| INVOKING Heroism.
  5576 | D:8      | Noticed Grum
  5580 | D:8      | Killed Grum
  5824 | D:8      | Found a shimmering altar of Xom.
  5912 | D:9      | Found a shadowy altar of Dithmenos.
  5917 | D:9      | Reached skill level 9 in Fighting
  5917 | D:9      | Reached XP level 11. HP: 66/71 MP: 14/14
  5919 | D:9      | Reached **** piety under Okawaru
  5937 | D:9      | 5937 ||| INVOKING Heroism.
  5938 | D:9      | 5938 ||| Stepping ~*~*~tactically~*~*~ (outnumbered).
  6033 | D:9      | 6033 ||| INVOKING Heroism.
  6036 | D:9      | 6036 ||| Stepping ~*~*~tactically~*~*~ (cloud).
  6041 | D:9      | 6041 ||| Stepping ~*~*~tactically~*~*~ (cloud).
  6167 | D:9      | 6167 ||| INVOKING Heroism.
  6303 | D:9      | Found a transporter.
  6303 | D:9      | Found a transporter.
  6304 | D:9      | Noticed a two-headed ogre
  6304 | D:9      | Noticed qw's ghost (novice MiHu)
  6304 | D:9      | Noticed a two-headed ogre
  6305 | D:9      | Noticed a two-headed ogre
  6305 | D:9      | Noticed a two-headed ogre
  6306 | D:9      | Identified the +2 giant spiked club of Eternal Harmony
                  | {antimagic, Dex+3}
  6306 | D:9      | Noticed a two-headed ogre
  6498 | D:9      | Noticed Harold
  6499 | D:9      | 6499 ||| INVOKING Heroism.
  6502 | D:9      | Found a staircase to the Orcish Mines.
  6503 | D:9      | 6503 ||| Stepping ~*~*~tactically~*~*~ (outnumbered).
  6504 | D:9      | 6504 ||| Stepping ~*~*~tactically~*~*~ (outnumbered).
  6506 | D:9      | Killed Harold
  6507 | D:9      | HP: 17/71 [ogre/+0 giant club (24)]
  6508 | D:9      | 6508 ||| DRINKING 3 potions of heal wounds.
  6517 | D:9      | 6517 ||| INVOKING Heroism.
  6530 | D:9      | HP: 16/71 [orc/+0 war axe (2)]
  6530 | D:9      | HP: 5/71 [orc priest/divine providence (11)]
  6531 | D:9      | 6531 ||| DRINKING 2 potions of heal wounds.
  6532 | D:9      | 6532 ||| INVOKING Heroism.
  6584 | D:9      | 6584 ||| FLEEEEING.
  6585 | D:9      | 6585 ||| INVOKING Heroism.
  6687 | D:9      | 6687 ||| INVOKING Heroism.
  6779 | D:9      | 6779 ||| Stepping ~*~*~tactically~*~*~ (outnumbered).
  6780 | D:9      | 6780 ||| Stepping ~*~*~tactically~*~*~ (outnumbered).
  6867 | D:9      | Found a snail-covered altar of Cheibriados.
  7002 | D:10     | Entered Level 10 of the Dungeon
  7004 | D:10     | Noticed Snorg
  7005 | D:10     | 7005 ||| INVOKING Heroism.
  7010 | D:10     | Killed Snorg
  7109 | D:10     | Noticed Maggie
  7113 | D:10     | Killed Maggie
  7309 | D:10     | 7309 ||| Stepping ~*~*~tactically~*~*~ (outnumbered).
  7312 | D:10     | 7312 ||| Stepping ~*~*~tactically~*~*~ (outnumbered).
  7318 | D:10     | Reached skill level 10 in Fighting
  7324 | D:10     | 7324 ||| INVOKING Heroism.
  7467 | D:10     | Reached skill level 6 in Invocations
  7470 | D:10     | Found a basalt altar of Yredelemnul.
  7762 | D:10     | Reached ***** piety under Okawaru
  7846 | D:10     | 7846 ||| INVOKING Heroism.
  7988 | D:10     | 7988 ||| UPGRADING to +1 troll leather armour {Snorg}.
  7998 | D:10     | 7998 ||| DROPPING +2 ring mail of willpower.
  7999 | D:10     | 7999 ||| UPGRADING to amulet of faith.
  8071 | D:11     | Found a staircase to the Lair.
  8075 | D:11     | Noticed Psyche
  8076 | D:11     | 8076 ||| INVOKING Heroism.
  8078 | D:11     | Killed Psyche
  8080 | D:11     | Noticed a two-headed ogre
  8081 | D:11     | 8081 ||| Stepping ~*~*~tactically~*~*~ (outnumbered).
  8081 | D:11     | Noticed a manticore
  8085 | D:11     | Reached XP level 12. HP: 76/77 MP: 14/17
  8088 | D:11     | Killed a two-headed ogre
  8182 | D:11     | Noticed a two-headed ogre
  8185 | D:11     | Killed a two-headed ogre
  8343 | D:11     | 8343 ||| INVOKING Heroism.
  8397 | D:11     | Identified the +2 pair of gloves of Okawaru's Reproof
                  | {rCorr Str+6 Int-4} (Okawaru gifted it to you on level 11
                  | of the Dungeon)
  8397 | D:11     | Received a gift from Okawaru
  8398 | D:11     | Reached skill level 15 in Ranged Weapons
  8834 | D:11     | 8834 ||| PLANNING LAIR
  8834 | D:11     | 8834 ||| UPGRADING to +2 pair of gloves of Okawaru's
                  | Reproof {rCorr Str+6 Int-4}.
  8844 | D:11     | 8844 ||| DROPPING +0 pair of gloves.
  8845 | D:11     | 8845 ||| DROPPING +3 ring mail.
  8846 | D:11     | 8846 ||| UPGRADING to +6 ring of strength.
  8847 | D:11     | 8847 ||| READING scroll labelled KUDAEW FEIT.
  8848 | D:11     | 8848 ||| READING 3 scrolls of identify.
  8848 | D:11     | 8848 ||| IDENTIFYING lumpy brown potion
  8849 | D:11     | 8849 ||| DROPPING potion of enlightenment.
  8894 | Lair:1   | Entered Level 1 of the Lair of Beasts
  9008 | Lair:1   | Reached skill level 9 in Invocations
  9084 | Lair:1   | 9084 ||| INVOKING Heroism.
  9360 | Lair:1   | 9360 ||| INVOKING Heroism.
  9623 | Lair:1   | 9623 ||| DROPPING ring of flight.
  9624 | Lair:1   | 9624 ||| READING 3 scrolls labelled LENGOP USIUM.
  9625 | Lair:1   | 9625 ||| READING 3 scrolls of identify.
  9625 | Lair:1   | 9625 ||| IDENTIFYING yellow potion
  9626 | Lair:1   | 9626 ||| DROPPING potion of invisibility.
  9627 | Lair:1   | 9627 ||| DROPPING 2 scrolls of immolation.
  9711 | Lair:2   | Noticed a six-headed hydra
  9712 | Lair:2   | 9712 ||| INVOKING Heroism.
  9713 | Lair:2   | 9713 ||| INVOKING Finesse.
  9716 | Lair:2   | Killed a six-headed hydra
  9767 | Lair:2   | 9767 ||| INVOKING Heroism.
  9793 | Lair:2   | Noticed a boulder beetle
  9794 | Lair:2   | 9794 ||| INVOKING Finesse.
  9798 | Lair:2   | Killed a boulder beetle
  9799 | Lair:2   | Reached XP level 13. HP: 82/82 MP: 14/20
  9846 | Lair:2   | 9846 ||| INVOKING Heroism.
  9891 | Lair:2   | Reached skill level 11 in Fighting
  9953 | Lair:2   | Found a staircase to the Snake Pit.
  9955 | Lair:2   | 9955 ||| Stepping ~*~*~tactically~*~*~ (outnumbered).
 10004 | Lair:2   | 10004 ||| INVOKING Heroism.
 10024 | Lair:2   | 10024 ||| Stepping ~*~*~tactically~*~*~ (water).
 10025 | Lair:2   | 10025 ||| INVOKING Finesse.
 10069 | Lair:2   | Found a staircase to the Swamp.
 10231 | Lair:2   | Noticed Fannar
 10239 | Lair:2   | 10239 ||| INVOKING Heroism.
 10241 | Lair:2   | Killed Fannar
 10241 | Lair:2   | Identified the +4 chain mail of Dahosuma {rElec rF- SInv}
                  | (Okawaru gifted it to you on level 2 of the Lair of Beasts)
 10241 | Lair:2   | Received a gift from Okawaru
 10288 | Lair:2   | 10288 ||| INVOKING Heroism.
 10572 | Lair:2   | 10572 ||| UPGRADING to +6 ring of dexterity.
 10574 | Lair:2   | 10574 ||| UPGRADING to ring of see invisible.
 10587 | Lair:3   | 10587 ||| STAIRDANCE
 10635 | Lair:3   | 10635 ||| INVOKING Heroism.
 10805 | Lair:3   | Reached skill level 6 in Dodging
 11094 | Lair:3   | 11094 ||| INVOKING Heroism.
 11153 | Lair:3   | 11153 ||| INVOKING Heroism.
 11154 | Lair:3   | 11154 ||| INVOKING Finesse.
 11282 | Lair:3   | 11282 ||| READING 4 scrolls of identify.
 11282 | Lair:3   | 11282 ||| IDENTIFYING golden potion
 11283 | Lair:3   | 11283 ||| READING 3 scrolls of identify.
 11283 | Lair:3   | 11283 ||| IDENTIFYING lumpy black potion
 11346 | Lair:4   | Found a transporter.
 11380 | Lair:4   | Identified the +1 robe "Ritapona" {+Inv Str+2 Dex+3}
                  | (Okawaru gifted it to you on level 4 of the Lair of Beasts)
 11380 | Lair:4   | Received a gift from Okawaru
 11411 | Lair:4   | Found a bloodstained altar of Trog.
 11438 | Lair:4   | Found a staircase to the Slime Pits.
 11439 | Lair:4   | 11439 ||| INVOKING Heroism.
 11440 | Lair:4   | 11440 ||| INVOKING Finesse.
 11532 | Lair:4   | Found a viscous altar of Jiyva.
 11533 | Lair:4   | 11533 ||| INVOKING Heroism.
 11703 | Lair:4   | 11703 ||| INVOKING Heroism.
 11777 | Lair:4   | Gained mutation: Your large and strong wings let you fly.
                  | [Gargoyle growth]
 11777 | Lair:4   | Reached XP level 14. HP: 90/90 MP: 21/21
 11880 | Lair:4   | Found a transporter.
 12203 | Lair:4   | 12203 ||| DROPPING +1 robe "Ritapona" {+Inv Str+2 Dex+3}.
 12204 | Lair:4   | 12204 ||| UPGRADING to +5 ring of evasion.
 12206 | Lair:4   | 12206 ||| DROPPING +6 ring of strength.
 12207 | Lair:4   | 12207 ||| DROPPING ring of see invisible.
 12208 | Lair:4   | 12208 ||| READING 3 scrolls of identify.
 12208 | Lair:4   | 12208 ||| IDENTIFYING fizzy pink potion
 12225 | Lair:5   | Entered Level 5 of the Lair of Beasts
 12299 | Lair:5   | 12299 ||| INVOKING Heroism.
 12406 | Lair:5   | Reached skill level 18 in Ranged Weapons
 12485 | Lair:5   | 12485 ||| INVOKING Heroism.
 12542 | Lair:5   | 12542 ||| INVOKING Heroism.
 12545 | Lair:5   | Reached skill level 12 in Fighting
 12561 | Lair:5   | Reached skill level 6 in Armour
 12564 | Lair:5   | HP: 20/92 [polar bear (11)]
 12565 | Lair:5   | 12565 ||| READING 6 scrolls of teleportation.
 12566 | Lair:5   | 12566 ||| DRINKING 2 potions of heal wounds.
 12633 | Lair:5   | 12633 ||| INVOKING Heroism.
 12824 | Lair:5   | 12824 ||| INVOKING Heroism.
 12829 | Lair:5   | Identified the +1 trident "Boduud" {heavy, rF+ Dex+4}
 12845 | Lair:5   | Identified the +0 robe of Anarchy {-Tele rC+ rN+ Stlth+}
 13132 | Lair:5   | 13132 ||| PLANNING D
 13132 | Lair:5   | 13132 ||| DROPPING +0 robe of Anarchy {-Tele rC+ rN+
                  | Stlth+}.
 13133 | Lair:5   | 13133 ||| READING 2 scrolls of identify.
 13133 | Lair:5   | 13133 ||| IDENTIFYING purple potion
 13281 | D:12     | Identified the +7 flail of Ashenzari, Teaching {heavy,
                  | Will+}
 13604 | D:12     | Found a viscous altar of Jiyva.
 13659 | D:12     | Received a gift from Okawaru
 13673 | D:12     | Found a transporter.
 13675 | D:12     | Found a transporter.
 13924 | D:13     | 13924 ||| INVOKING Heroism.
 13925 | D:13     | 13925 ||| INVOKING Finesse.
 13993 | D:13     | 13993 ||| INVOKING Heroism.
 13994 | D:13     | 13994 ||| INVOKING Finesse.
 14050 | D:13     | Found Cohoas Its's Distillery.
 14058 | D:13     | 14058 ||| BUYING potion of curing (45 gold).
 14058 | D:13     | Bought a potion of curing for 45 gold pieces
 14058 | D:13     | 14058 ||| BUYING potion of heal wounds (75 gold).
 14058 | D:13     | Bought a potion of heal wounds for 75 gold pieces
 14058 | D:13     | 14058 ||| BUYING potion of heal wounds (75 gold).
 14058 | D:13     | Bought a potion of heal wounds for 75 gold pieces
 14058 | D:13     | 14058 ||| BUYING potion of heal wounds (75 gold).
 14058 | D:13     | Bought a potion of heal wounds for 75 gold pieces
 14058 | D:13     | 14058 ||| BUYING potion of lignification (45 gold).
 14058 | D:13     | Bought a potion of lignification for 45 gold pieces
 14058 | D:13     | 14058 ||| BUYING potion of lignification (45 gold).
 14058 | D:13     | Bought a potion of lignification for 45 gold pieces
 14058 | D:13     | 14058 ||| BUYING potion of mutation (120 gold).
 14058 | D:13     | Bought a potion of mutation for 120 gold pieces
 14062 | D:13     | 14062 ||| FLEEEEING.
 14063 | D:13     | 14063 ||| FLEEEEING.
 14078 | D:13     | 14078 ||| INVOKING Heroism.
 14079 | D:13     | 14079 ||| INVOKING Finesse.
 14218 | D:13     | Found an opulent altar of Gozag.
 14315 | D:13     | 14315 ||| READING 2 scrolls labelled PAUWUD WODEXT.
 14316 | D:13     | 14316 ||| READING scroll labelled RUZOCUM WIAV.
 14317 | D:13     | 14317 ||| READING scroll labelled AVOFUE WEGREI.
 14332 | D:13     | 14332 ||| DROPPING scroll of vulnerability.
 14366 | D:14     | 14366 ||| INVOKING Heroism.
 14527 | D:14     | Reached XP level 15. HP: 91/97 MP: 22/22
 14591 | D:14     | 14591 ||| READING scroll of enchant armour.
 14591 | D:14     | 14591 ||| ENCHANTING +0 pair of boots of rampaging.
 14631 | D:14     | 14631 ||| Stepping ~*~*~tactically~*~*~ (outnumbered).
 14915 | D:14     | 14915 ||| INVOKING Heroism.
 14916 | D:14     | HP: 24/97 [human (7)]
 14917 | D:14     | 14917 ||| READING 7 scrolls of teleportation.
 15074 | D:14     | Reached skill level 9 in Dodging
 15085 | D:14     | Found a gate to the Vaults.
 15087 | D:14     | 15087 ||| DROPPING +0 orcbow.
 15164 | D:14     | 15164 ||| Stepping ~*~*~tactically~*~*~ (outnumbered).
 15166 | D:14     | Identified the +0 cloak "Otzunaozei" {rPois rC+ Str-4}
                  | (Okawaru gifted it to you on level 14 of the Dungeon)
 15166 | D:14     | Received a gift from Okawaru
 15197 | D:14     | 15197 ||| UPGRADING to +0 cloak "Otzunaozei" {rPois rC+
                  | Str-4}.
 15234 | D:15     | Entered Level 15 of the Dungeon
 15266 | D:15     | 15266 ||| INVOKING Heroism.
 15320 | D:15     | 15320 ||| READING scroll of enchant armour.
 15320 | D:15     | 15320 ||| ENCHANTING +1 pair of boots of rampaging.
 15369 | D:15     | 15369 ||| INVOKING Heroism.
 15392 | D:15     | 15392 ||| Stepping ~*~*~tactically~*~*~ (outnumbered).
 15458 | D:15     | 15458 ||| INVOKING Heroism.
 15466 | D:15     | Reached skill level 13 in Fighting
 15488 | D:15     | Found a staircase to the Depths.
 15553 | D:15     | 15553 ||| INVOKING Heroism.
 15697 | D:15     | 15697 ||| INVOKING Heroism.
 15741 | D:15     | 15741 ||| INVOKING Heroism.
 15974 | D:15     | 15974 ||| PLANNING ORC
 16142 | Orc:1    | Entered Level 1 of the Orcish Mines
 16167 | Orc:1    | 16167 ||| Stepping ~*~*~tactically~*~*~ (outnumbered).
 16170 | Orc:1    | 16170 ||| INVOKING Heroism.
 16177 | Orc:1    | 16177 ||| INVOKING Finesse.
 16347 | Orc:1    | 16347 ||| Stepping ~*~*~tactically~*~*~ (outnumbered).
 16348 | Orc:1    | 16348 ||| Stepping ~*~*~tactically~*~*~ (outnumbered).
 16442 | Orc:2    | Entered Level 2 of the Orcish Mines
 16550 | Orc:2    | Found a dark tunnel.
 16700 | Orc:2    | 16700 ||| INVOKING Heroism.
 16818 | Orc:2    | 16818 ||| INVOKING Heroism.
 16819 | Orc:2    | Paralysed by an orc sorcerer for 3 turns
 16849 | Orc:2    | 16849 ||| Stepping ~*~*~tactically~*~*~ (outnumbered).
 16851 | Orc:2    | 16851 ||| INVOKING Heroism.
 16854 | Orc:2    | 16854 ||| Stepping ~*~*~tactically~*~*~ (outnumbered).
 16863 | Orc:2    | Found Hekhloh's Weapon Boutique.
 16871 | Orc:2    | 16871 ||| BUYING +3 orcbow of freezing (233 gold).
 16871 | Orc:2    | Bought a +3 orcbow of freezing for 233 gold pieces
 16871 | Orc:2    | 16871 ||| DROPPING +0 arbalest.
 16894 | Orc:2    | Noticed an orc warlord
 16895 | Orc:2    | 16895 ||| INVOKING Finesse.
 16909 | Orc:2    | Killed an orc warlord
 16917 | Orc:2    | 16917 ||| INVOKING Heroism.
 16960 | Orc:1    | 16960 ||| Stepping ~*~*~tactically~*~*~ (outnumbered).
 16965 | Orc:1    | Paralysed by an orc sorcerer for 2 turns
 16978 | Orc:1    | 16978 ||| INVOKING Heroism.
 17007 | Orc:1    | 17007 ||| DROPPING +3 orcbow of freezing.
 17183 | Orc:2    | 17183 ||| INVOKING Heroism.
 17230 | Orc:2    | Found Ittul's Antique Weapon Boutique.
 17232 | Orc:2    | Found Bedukk's Antique Armour Shop.
 17239 | Orc:2    | 17239 ||| BUYING runed arbalest (217 gold).
 17239 | Orc:2    | Bought a runed arbalest for 217 gold pieces
 17239 | Orc:2    | 17239 ||| DROPPING +4 arbalest.
 17246 | Orc:2    | 17246 ||| BUYING cloak (117 gold).
 17246 | Orc:2    | Bought a cloak for 117 gold pieces
 17246 | Orc:2    | 17246 ||| BUYING scorched leather armour (182 gold).
 17246 | Orc:2    | Bought a scorched leather armour for 182 gold pieces
 17246 | Orc:2    | Identified the +1 leather armour "Tollicw" {rElec rN+
                  | Will++ Stlth-} (You bought it in a shop on level 2 of the
                  | Orcish Mines)
 17307 | Orc:2    | Found a staircase to the Elven Halls.
 17380 | Orc:2    | 17380 ||| Stepping ~*~*~tactically~*~*~ (outnumbered).
 17423 | Orc:2    | Found Geoscha's Weapon Emporium.
 17584 | Orc:2    | 17584 ||| Stepping ~*~*~tactically~*~*~ (outnumbered).
 17586 | Orc:2    | 17586 ||| Stepping ~*~*~tactically~*~*~ (outnumbered).
 17588 | Orc:2    | 17588 ||| Stepping ~*~*~tactically~*~*~ (outnumbered).
 17590 | Orc:2    | 17590 ||| Stepping ~*~*~tactically~*~*~ (outnumbered).
 17599 | Orc:2    | 17599 ||| Stepping ~*~*~tactically~*~*~ (outnumbered).
 17611 | Orc:2    | Found Supp's General Store.
 17619 | Orc:2    | 17619 ||| BUYING scroll of identify (28 gold).
 17619 | Orc:2    | Bought a scroll of identify for 28 gold pieces
 17751 | Orc:2    | 17751 ||| PLANNING SWAMP:1-3
 17751 | Orc:2    | 17751 ||| DROPPING +1 leather armour "Tollicw" {rElec rN+
                  | Will++ Stlth-}.
 17967 | Swamp:1  | Entered Level 1 of the Swamp
 17984 | Swamp:1  | 17984 ||| INVOKING Heroism.
 17990 | Swamp:1  | Reached skill level 14 in Fighting
 17990 | Swamp:1  | Reached XP level 16. HP: 95/106 MP: 21/23
 18093 | Swamp:1  | 18093 ||| INVOKING Heroism.
 18095 | Swamp:1  | 18095 ||| Stepping ~*~*~tactically~*~*~ (outnumbered).
 18097 | Swamp:1  | 18097 ||| Stepping ~*~*~tactically~*~*~ (outnumbered).
 18282 | Swamp:1  | Noticed Louise
 18283 | Swamp:1  | 18283 ||| INVOKING Heroism.
 18284 | Swamp:1  | 18284 ||| INVOKING Finesse.
 18295 | Swamp:1  | Killed Louise
 18483 | Swamp:1  | 18483 ||| DROPPING +1 robe of the Archmagi.
 18484 | Swamp:1  | 18484 ||| DROPPING ring of positive energy.
 18485 | Swamp:1  | 18485 ||| DROPPING +6 ring of intelligence.
 18502 | Swamp:2  | 18502 ||| INVOKING Heroism.
 18599 | Swamp:2  | 18599 ||| INVOKING Heroism.
 18657 | Swamp:2  | 18657 ||| INVOKING Heroism.
 18658 | Swamp:2  | 18658 ||| INVOKING Finesse.
 18769 | Swamp:2  | Noticed a tentacled monstrosity
 18770 | Swamp:2  | 18770 ||| INVOKING Heroism.
 18771 | Swamp:2  | 18771 ||| INVOKING Finesse.
 18777 | Swamp:2  | Killed a tentacled monstrosity
 18843 | Swamp:2  | 18843 ||| INVOKING Heroism.
 18844 | Swamp:2  | 18844 ||| INVOKING Finesse.
 19048 | Swamp:2  | 19048 ||| DROPPING +0 cloak.
 19049 | Swamp:2  | 19049 ||| UPGRADING to +2 cloak.
 19059 | Swamp:2  | 19059 ||| DROPPING amulet of the acrobat.
 19087 | Swamp:3  | Reached skill level 15 in Fighting
 19185 | Swamp:3  | Identified the staff of death "Toarujic" {rF+ rN+ Int-5
                  | Stlth+}
 19191 | Swamp:3  | 19191 ||| READING scroll of acquirement.
 19191 | Swamp:3  | 19191 ||| ACQUIRING amulet of Ciopty {Spirit rC+++ Regen+
                  | Int-3 Dex+5}
 19191 | Swamp:3  | Acquired the amulet of Ciopty {Spirit rC+++ Regen+ Int-3
                  | Dex+5}
 19193 | Swamp:3  | 19193 ||| DROPPING amulet of reflection.
 19218 | Swamp:3  | 19218 ||| INVOKING Heroism.
 19471 | Swamp:3  | 19471 ||| INVOKING Heroism.
 19516 | Swamp:3  | Reached skill level 9 in Armour
 19529 | Swamp:3  | 19529 ||| INVOKING Heroism.
 19587 | Swamp:3  | 19587 ||| READING 9 scrolls of identify.
 19587 | Swamp:3  | 19587 ||| IDENTIFYING red potion
 19727 | Swamp:3  | 19727 ||| PLANNING SNAKE:1-3
 19727 | Swamp:3  | 19727 ||| DROPPING potion of ambrosia.
 19882 | Snake:1  | Entered Level 1 of the Snake Pit
 19895 | Snake:1  | 19895 ||| Stepping ~*~*~tactically~*~*~ (outnumbered).
 19913 | Snake:1  | Identified the +3 ring mail of the Swan {Rampage Regen+}
                  | (Okawaru gifted it to you on level 1 of the Snake Pit)
 19913 | Snake:1  | Received a gift from Okawaru
 19962 | Snake:1  | 19962 ||| INVOKING Heroism.
 19963 | Snake:1  | 19963 ||| Stepping ~*~*~tactically~*~*~ (outnumbered).
 19974 | Snake:1  | 19974 ||| Stepping ~*~*~tactically~*~*~ (outnumbered).
 19976 | Snake:1  | 19976 ||| Stepping ~*~*~tactically~*~*~ (outnumbered).
 19979 | Snake:1  | 19979 ||| Stepping ~*~*~tactically~*~*~ (outnumbered).
 19991 | Snake:1  | 19991 ||| UPGRADING to +3 ring mail of the Swan {Rampage
                  | Regen+}.
 19992 | Snake:1  | 19992 ||| UPGRADING to +3 ring mail of the Swan {Rampage
                  | Regen+}.
 19993 | Snake:1  | 19993 ||| UPGRADING to +3 ring mail of the Swan {Rampage
                  | Regen+}.
 19993 | Snake:1  | HP: 23/109 [naga sharpshooter/bolt (6)]
 19994 | Snake:1  | 19994 ||| READING 8 scrolls of teleportation.
 19995 | Snake:1  | 19995 ||| DRINKING 8 potions of heal wounds.
 19996 | Snake:1  | 19996 ||| UPGRADING to +3 ring mail of the Swan {Rampage
                  | Regen+}.
 19997 | Snake:1  | 19997 ||| UPGRADING to +3 ring mail of the Swan {Rampage
                  | Regen+}.
 19998 | Snake:1  | 19998 ||| UPGRADING to +3 ring mail of the Swan {Rampage
                  | Regen+}.
 20001 | Snake:1  | 20001 ||| UPGRADING to +3 ring mail of the Swan {Rampage
                  | Regen+}.
 20004 | Snake:1  | 20004 ||| UPGRADING to +3 ring mail of the Swan {Rampage
                  | Regen+}.
 20006 | Snake:1  | 20006 ||| UPGRADING to +3 ring mail of the Swan {Rampage
                  | Regen+}.
 20008 | Snake:1  | 20008 ||| UPGRADING to +3 ring mail of the Swan {Rampage
                  | Regen+}.
 20011 | Snake:1  | 20011 ||| UPGRADING to +3 ring mail of the Swan {Rampage
                  | Regen+}.
 20012 | Snake:1  | 20012 ||| UPGRADING to +3 ring mail of the Swan {Rampage
                  | Regen+}.
 20022 | Snake:1  | 20022 ||| DROPPING +1 troll leather armour {Snorg}.
 20023 | Snake:1  | 20023 ||| DROPPING +2 robe of fire resistance.
 20026 | Snake:1  | 20026 ||| INVOKING Heroism.
 20140 | Snake:1  | 20140 ||| INVOKING Heroism.
 20251 | Snake:1  | Found Deiticen's Specific Store.
 20330 | Snake:1  | Reached skill level 16 in Fighting
 20339 | Snake:1  | 20339 ||| INVOKING Heroism.
 20438 | Snake:1  | Noticed Aizul
 20439 | Snake:1  | 20439 ||| INVOKING Heroism.
 20440 | Snake:1  | 20440 ||| INVOKING Finesse.
 20442 | Snake:1  | 20442 ||| Stepping ~*~*~tactically~*~*~ (outnumbered).
 20451 | Snake:1  | Killed Aizul
 20560 | Snake:1  | 20560 ||| INVOKING Heroism.
 20856 | Snake:1  | Found Roulumi's General Store.
 21104 | Snake:2  | 21104 ||| STAIRDANCE
 21107 | Snake:1  | 21107 ||| INVOKING Heroism.
 21111 | Snake:1  | Reached XP level 17. HP: 63/116 MP: 21/24
 21166 | Snake:2  | Reached skill level 17 in Fighting
 21185 | Snake:2  | 21185 ||| Stepping ~*~*~tactically~*~*~ (outnumbered).
 21187 | Snake:2  | 21187 ||| Stepping ~*~*~tactically~*~*~ (outnumbered).
 21189 | Snake:2  | 21189 ||| Stepping ~*~*~tactically~*~*~ (outnumbered).
 21193 | Snake:2  | 21193 ||| Stepping ~*~*~tactically~*~*~ (outnumbered).
 21196 | Snake:2  | 21196 ||| Stepping ~*~*~tactically~*~*~ (outnumbered).
 21252 | Snake:2  | 21252 ||| INVOKING Heroism.
 21389 | Snake:2  | Found Manum's Book Shop.
 21629 | Snake:2  | 21629 ||| INVOKING Heroism.
 21630 | Snake:2  | 21630 ||| Stepping ~*~*~tactically~*~*~ (outnumbered).
 21641 | Snake:2  | 21641 ||| Stepping ~*~*~tactically~*~*~ (outnumbered).
 21643 | Snake:2  | 21643 ||| Stepping ~*~*~tactically~*~*~ (outnumbered).
 22046 | Snake:2  | 22046 ||| INVOKING Heroism.
 22047 | Snake:2  | 22047 ||| Stepping ~*~*~tactically~*~*~ (outnumbered).
 22057 | Snake:2  | 22057 ||| Stepping ~*~*~tactically~*~*~ (outnumbered).
 22424 | Snake:3  | 22424 ||| Stepping ~*~*~tactically~*~*~ (outnumbered).
 22555 | Snake:3  | 22555 ||| INVOKING Heroism.
 22647 | Snake:3  | Found a runed translucent door.
 22681 | Snake:3  | Found Dougaudu's Jewellery Emporium.
 22691 | Snake:3  | 22691 ||| BUYING ring of protection from fire (375 gold).
 22691 | Snake:3  | Bought a ring of protection from fire for 375 gold pieces
 23090 | Snake:3  | 23090 ||| INVOKING Heroism.
 23455 | Snake:3  | 23455 ||| PLANNING SWAMP:4
 23455 | Snake:3  | 23455 ||| DROPPING amulet of regeneration.
 23456 | Snake:3  | 23456 ||| DROPPING ring of fire.
 23653 | Swamp:4  | Entered Level 4 of the Swamp
 23659 | Swamp:4  | Identified the +6 arbalest of the Dripping Gods {flame, rC+
                  | Will+ Dex+3} (Okawaru gifted it to you on level 4 of the
                  | Swamp)
 23659 | Swamp:4  | Received a gift from Okawaru
 23664 | Swamp:4  | 23664 ||| INVOKING Heroism.
 23697 | Swamp:4  | 23697 ||| DROPPING +0 shortbow of flaming.
 23765 | Swamp:4  | 23765 ||| INVOKING Heroism.
 23766 | Swamp:4  | 23766 ||| INVOKING Finesse.
 23927 | Swamp:4  | 23927 ||| INVOKING Heroism.
 23928 | Swamp:4  | 23928 ||| Stepping ~*~*~tactically~*~*~ (outnumbered).
 23988 | Swamp:4  | 23988 ||| INVOKING Heroism.
 24024 | Swamp:4  | Noticed Mlioglotl
 24025 | Swamp:4  | 24025 ||| INVOKING Heroism.
 24026 | Swamp:4  | 24026 ||| Stepping ~*~*~tactically~*~*~ (outnumbered).
 24031 | Swamp:4  | 24031 ||| SWAPPING to +6 arbalest of the Dripping Gods
                  | {flame, rC+ Will+ Dex+3}.
 24036 | Swamp:4  | Gained mutation: Armour fits poorly on your strangely
                  | shaped body. [mutagenic glow]
 24037 | Swamp:4  | 24037 ||| SWAPPING to +6 longbow "Luim" {heavy, Contam
                  | rPois rN+}.
 24041 | Swamp:4  | Reached skill level 18 in Fighting
 24043 | Swamp:4  | 24043 ||| SWAPPING to +6 arbalest of the Dripping Gods
                  | {flame, rC+ Will+ Dex+3}.
 24047 | Swamp:4  | 24047 ||| SWAPPING to +6 longbow "Luim" {heavy, Contam
                  | rPois rN+}.
 24048 | Swamp:4  | Gained mutation: Your magical capacity is low. (-10% MP)
                  | [mutagenic glow]
 24050 | Swamp:4  | 24050 ||| SWAPPING to +6 arbalest of the Dripping Gods
                  | {flame, rC+ Will+ Dex+3}.
 24054 | Swamp:4  | 24054 ||| SWAPPING to +6 longbow "Luim" {heavy, Contam
                  | rPois rN+}.
 24057 | Swamp:4  | Gained mutation: Your body sometimes deteriorates upon
                  | taking damage. [mutagenic glow]
 24058 | Swamp:4  | 24058 ||| SWAPPING to +6 arbalest of the Dripping Gods
                  | {flame, rC+ Will+ Dex+3}.
 24067 | Swamp:4  | 24067 ||| INVOKING Heroism.
 24070 | Swamp:4  | Gained mutation: You are clumsy. (Dex -2) [mutagenic glow]
 24072 | Swamp:4  | HP: 26/119 [four-headed hydra (10)]
 24073 | Swamp:4  | 24073 ||| READING 10 scrolls of teleportation.
 24074 | Swamp:4  | 24074 ||| DRINKING 7 potions of heal wounds.
 24078 | Swamp:4  | 24078 ||| SWAPPING to +6 longbow "Luim" {heavy, Contam
                  | rPois rN+}.
 24084 | Swamp:4  | Gained mutation: You are frail. (-10% HP) [mutagenic glow]
 24096 | Swamp:4  | Gained mutation: You sometimes lose your temper in combat.
                  | [mutagenic glow]
 24114 | Swamp:4  | Gained mutation: Your body often deteriorates upon taking
                  | damage. [mutagenic glow]
 24132 | Swamp:4  | 24132 ||| DRINKING 7 potions of mutation.
 24132 | Swamp:4  | Lost mutation: Your body often deteriorates upon taking
                  | damage. [potion of mutation]
 24132 | Swamp:4  | Lost mutation: Armour fits poorly on your strangely shaped
                  | body. [potion of mutation]
 24132 | Swamp:4  | Gained mutation: You have a somewhat thin skeletal
                  | structure. (Dex +2, Stealth+) [potion of mutation]
 24132 | Swamp:4  | Gained mutation: Your flesh is heat resistant. (rF+)
                  | [potion of mutation]
 24133 | Swamp:4  | 24133 ||| DRINKING 6 potions of mutation.
 24133 | Swamp:4  | Lost mutation: You are clumsy. (Dex -2) [potion of
                  | mutation]
 24133 | Swamp:4  | Lost mutation: Your magical capacity is low. (-10% MP)
                  | [potion of mutation]
 24133 | Swamp:4  | Lost mutation: You sometimes lose your temper in combat.
                  | [potion of mutation]
 24133 | Swamp:4  | Lost mutation: Your body sometimes deteriorates upon taking
                  | damage. [potion of mutation]
 24134 | Swamp:4  | 24134 ||| DRINKING 5 potions of mutation.
 24134 | Swamp:4  | Lost mutation: You are frail. (-10% HP) [potion of
                  | mutation]
 24134 | Swamp:4  | Lost mutation: You have a somewhat thin skeletal structure.
                  | (Dex +2, Stealth+) [potion of mutation]
 24134 | Swamp:4  | Lost mutation: Your flesh is heat resistant. (rF+) [potion
                  | of mutation]
 24134 | Swamp:4  | Gained mutation: Your spells are a little easier to cast,
                  | but a little less powerful. [potion of mutation]
 24180 | Swamp:4  | Noticed the 27-headed Lernaean hydra
 24181 | Swamp:4  | 24181 ||| INVOKING Heroism.
 24185 | Swamp:4  | Killed the 27-headed Lernaean hydra
 24200 | Swamp:4  | 24200 ||| SWAPPING to +6 arbalest of the Dripping Gods
                  | {flame, rC+ Will+ Dex+3}.
 24202 | Swamp:4  | 24202 ||| SWAPPING to +6 longbow "Luim" {heavy, Contam
                  | rPois rN+}.
 24216 | Swamp:4  | Gained mutation: You sometimes lose your temper in combat.
                  | [mutagenic glow]
 24222 | Swamp:4  | 24222 ||| DRINKING 4 potions of mutation.
 24222 | Swamp:4  | Lost mutation: Your spells are a little easier to cast, but
                  | a little less powerful. [potion of mutation]
 24222 | Swamp:4  | Lost mutation: You sometimes lose your temper in combat.
                  | [potion of mutation]
 24222 | Swamp:4  | Gained mutation: You have large cloven feet. [potion of
                  | mutation]
 24222 | Swamp:4  | Gained mutation: You have an increased reservoir of magic.
                  | (+10% MP) [potion of mutation]
 24277 | Swamp:4  | 24277 ||| INVOKING Heroism.
 24278 | Swamp:4  | 24278 ||| INVOKING Finesse.
 24283 | Swamp:4  | Killed Mlioglotl
 24286 | Swamp:4  | Reached skill level 12 in Armour
 24390 | Swamp:4  | 24390 ||| INVOKING Heroism.
 24391 | Swamp:4  | 24391 ||| SWAPPING to +6 arbalest of the Dripping Gods
                  | {flame, rC+ Will+ Dex+3}.
 24394 | Swamp:4  | Received a gift from Okawaru
 24395 | Swamp:4  | 24395 ||| SWAPPING to +6 longbow "Luim" {heavy, Contam
                  | rPois rN+}.
 24397 | Swamp:4  | Gained mutation: You are frail. (-10% HP) [mutagenic glow]
 24398 | Swamp:4  | 24398 ||| DRINKING 3 potions of mutation.
 24398 | Swamp:4  | Lost mutation: You have large cloven feet. [potion of
                  | mutation]
 24398 | Swamp:4  | Lost mutation: You are frail. (-10% HP) [potion of
                  | mutation]
 24398 | Swamp:4  | Lost mutation: You have an increased reservoir of magic.
                  | (+10% MP) [potion of mutation]
 24398 | Swamp:4  | Gained mutation: You are agile. (Dex +4, Str/Int -1)
                  | [potion of mutation]
 24398 | Swamp:4  | Gained mutation: You have supernaturally acute eyesight.
                  | (SInv) [potion of mutation]
 24414 | Swamp:4  | Got a decaying rune of Zot
 24501 | Swamp:4  | 24501 ||| PLANNING VAULTS:1-4
 24501 | Swamp:4  | 24501 ||| SWAPPING to +6 arbalest of the Dripping Gods
                  | {flame, rC+ Will+ Dex+3}.
 24514 | Swamp:4  | Gained mutation: You occasionally shout uncontrollably at
                  | your foes. [mutagenic glow]
 24778 | Vaults:1 | Entered Level 1 of the Vaults
 24779 | Vaults:1 | 24779 ||| PLANNING WIZLAB
 24779 | Vaults:1 | 24779 ||| SWAPPING to +6 longbow "Luim" {heavy, Contam
                  | rPois rN+}.
 24780 | Vaults:1 | 24780 ||| INVOKING Heroism.
 24781 | Vaults:1 | 24781 ||| INVOKING Finesse.
 24828 | Vaults:1 | Reached XP level 18. HP: 125/125 MP: 25/25
 24884 | Vaults:1 | 24884 ||| FLEEEEING.
 24892 | Vaults:1 | 24892 ||| STAIRDANCE
 25018 | Vaults:1 | 25018 ||| FLEEEEING.
 25019 | Vaults:1 | 25019 ||| FLEEEEING.
 25020 | Vaults:1 | 25020 ||| FLEEEEING.
 25021 | Vaults:1 | 25021 ||| FLEEEEING.
 25022 | Vaults:1 | 25022 ||| FLEEEEING.
 25023 | Vaults:1 | 25023 ||| FLEEEEING.
 25024 | Vaults:1 | 25024 ||| FLEEEEING.
 25025 | Vaults:1 | 25025 ||| FLEEEEING.
 25026 | Vaults:1 | 25026 ||| FLEEEEING.
 25027 | Vaults:1 | 25027 ||| FLEEEEING.
 25028 | Vaults:1 | 25028 ||| FLEEEEING.
 25029 | Vaults:1 | 25029 ||| FLEEEEING.
 25030 | Vaults:1 | 25030 ||| FLEEEEING.
 25031 | Vaults:1 | 25031 ||| STAIRDANCE
 25143 | Vaults:1 | Reached skill level 12 in Dodging
 25143 | Vaults:1 | 25143 ||| Stepping ~*~*~tactically~*~*~ (outnumbered).
 25144 | Vaults:1 | 25144 ||| Stepping ~*~*~tactically~*~*~ (outnumbered).
 25150 | Vaults:1 | 25150 ||| INVOKING Heroism.
 25158 | Vaults:1 | Noticed Donald
 25159 | Vaults:1 | 25159 ||| INVOKING Finesse.
 25168 | Vaults:1 | Killed Donald
 25209 | Vaults:1 | 25209 ||| INVOKING Heroism.
 25381 | Vaults:1 | Found Timann's Antique Weapon Boutique.
 25410 | Vaults:1 | 25410 ||| RIP WIZLAB
 25415 | Vaults:1 | 25415 ||| PLANNING VAULTS:1-4
 25415 | Vaults:1 | 25415 ||| INVOKING Heroism.
 25416 | Vaults:1 | 25416 ||| SWAPPING to +6 arbalest of the Dripping Gods
                  | {flame, rC+ Will+ Dex+3}.
 25417 | Vaults:1 | 25417 ||| INVOKING Finesse.
 25503 | Vaults:1 | 25503 ||| Stepping ~*~*~tactically~*~*~ (outnumbered).
 25556 | Vaults:1 | 25556 ||| Stepping ~*~*~tactically~*~*~ (outnumbered).
 25558 | Vaults:1 | 25558 ||| Stepping ~*~*~tactically~*~*~ (outnumbered).
 25560 | Vaults:1 | 25560 ||| Stepping ~*~*~tactically~*~*~ (outnumbered).
 25679 | Vaults:1 | 25679 ||| INVOKING Heroism.
 26158 | Vaults:1 | Noticed Nikola
 26159 | Vaults:1 | 26159 ||| INVOKING Heroism.
 26160 | Vaults:1 | 26160 ||| INVOKING Finesse.
 26164 | Vaults:1 | Killed Nikola
 26267 | Vaults:1 | Identified the +8 chain mail of the Forsaken Servitors
                  | {Dex+2}
 26385 | Vaults:1 | 26385 ||| DROPPING +1 helmet.
 26386 | Vaults:1 | 26386 ||| DROPPING scarf of harm.
 26497 | Vaults:2 | 26497 ||| Stepping ~*~*~tactically~*~*~ (outnumbered).
 26499 | Vaults:2 | 26499 ||| Stepping ~*~*~tactically~*~*~ (outnumbered).
 26596 | Vaults:2 | Reached skill level 19 in Fighting
 26884 | Vaults:2 | Received a gift from Okawaru
 26976 | Vaults:2 | 26976 ||| INVOKING Heroism.
 26977 | Vaults:2 | 26977 ||| INVOKING Finesse.
 27171 | Vaults:2 | 27171 ||| INVOKING Heroism.
 27172 | Vaults:2 | 27172 ||| INVOKING Finesse.
 27177 | Vaults:2 | 27177 ||| Stepping ~*~*~tactically~*~*~ (outnumbered).
 27614 | Vaults:2 | 27614 ||| FLEEEEING.
 27620 | Vaults:2 | 27620 ||| FLEEEEING.
 27621 | Vaults:2 | 27621 ||| FLEEEEING.
 27622 | Vaults:2 | 27622 ||| FLEEEEING.
 27657 | Vaults:2 | 27657 ||| DROPPING +1 pair of gloves.
 27707 | Vaults:3 | 27707 ||| Stepping ~*~*~tactically~*~*~ (outnumbered).
 27709 | Vaults:3 | 27709 ||| Stepping ~*~*~tactically~*~*~ (outnumbered).
 27710 | Vaults:3 | 27710 ||| Stepping ~*~*~tactically~*~*~ (outnumbered).
 27745 | Vaults:3 | 27745 ||| Stepping ~*~*~tactically~*~*~ (outnumbered).
 27746 | Vaults:3 | 27746 ||| Stepping ~*~*~tactically~*~*~ (outnumbered).
 27748 | Vaults:3 | 27748 ||| Stepping ~*~*~tactically~*~*~ (outnumbered).
 27759 | Vaults:3 | Reached XP level 19. HP: 132/132 MP: 26/26
 28128 | Vaults:3 | Reached skill level 20 in Fighting
 28336 | Vaults:3 | Reached ****** piety under Okawaru
 28547 | Vaults:3 | 28547 ||| INVOKING Heroism.
 28549 | Vaults:3 | 28549 ||| INVOKING Finesse.
 28557 | Vaults:3 | Received a gift from Okawaru
 28627 | Vaults:3 | Found a staircase to the Crypt.
 29060 | Vaults:3 | 29060 ||| INVOKING Heroism.
 29061 | Vaults:3 | 29061 ||| INVOKING Finesse.
 29249 | Vaults:4 | 29249 ||| INVOKING Heroism.
 29260 | Vaults:4 | Reached skill level 15 in Dodging
 29489 | Vaults:4 | Received a gift from Okawaru
 29882 | Vaults:4 | 29882 ||| FLEEEEING.
 29883 | Vaults:4 | 29883 ||| FLEEEEING.
 29884 | Vaults:4 | 29884 ||| FLEEEEING.
 29885 | Vaults:4 | 29885 ||| FLEEEEING.
 29886 | Vaults:4 | 29886 ||| FLEEEEING.
 29892 | Vaults:4 | 29892 ||| FLEEEEING.
 29893 | Vaults:4 | 29893 ||| FLEEEEING.
 29899 | Vaults:4 | 29899 ||| FLEEEEING.
 29900 | Vaults:4 | 29900 ||| FLEEEEING.
 29901 | Vaults:4 | 29901 ||| FLEEEEING.
 29902 | Vaults:4 | 29902 ||| FLEEEEING.
 29903 | Vaults:4 | 29903 ||| FLEEEEING.
 29904 | Vaults:4 | 29904 ||| FLEEEEING.
 29905 | Vaults:4 | 29905 ||| FLEEEEING.
 29906 | Vaults:4 | 29906 ||| FLEEEEING.
 29909 | Vaults:4 | 29909 ||| FLEEEEING.
 29910 | Vaults:4 | 29910 ||| FLEEEEING.
 29911 | Vaults:4 | 29911 ||| FLEEEEING.
 29912 | Vaults:4 | 29912 ||| FLEEEEING.
 29913 | Vaults:4 | 29913 ||| FLEEEEING.
 29914 | Vaults:4 | 29914 ||| FLEEEEING.
 29915 | Vaults:4 | 29915 ||| FLEEEEING.
 29916 | Vaults:4 | 29916 ||| FLEEEEING.
 29917 | Vaults:4 | 29917 ||| FLEEEEING.
 29918 | Vaults:4 | 29918 ||| FLEEEEING.
 29924 | Vaults:4 | 29924 ||| FLEEEEING.
 29925 | Vaults:4 | 29925 ||| FLEEEEING.
 29940 | Vaults:4 | Paralysed by a great orb of eyes for 4 turns
 30015 | Vaults:4 | 30015 ||| INVOKING Heroism.
 30016 | Vaults:4 | 30016 ||| INVOKING Finesse.
 30019 | Vaults:4 | Received a gift from Okawaru
 30052 | Vaults:4 | 30052 ||| DROPPING +1 heavy arbalest.
 30066 | Vaults:4 | 30066 ||| INVOKING Heroism.
 30076 | Vaults:4 | Reached skill level 21 in Fighting
 30158 | Vaults:4 | 30158 ||| INVOKING Heroism.
 30175 | Vaults:4 | Reached XP level 20. HP: 142/144 MP: 27/27
 30229 | Vaults:4 | 30229 ||| FLEEEEING.
 30230 | Vaults:4 | 30230 ||| FLEEEEING.
 30231 | Vaults:4 | 30231 ||| FLEEEEING.
 30481 | Vaults:4 | 30481 ||| FLEEEEING.
 30482 | Vaults:4 | 30482 ||| FLEEEEING.
 30483 | Vaults:4 | 30483 ||| FLEEEEING.
 30484 | Vaults:4 | 30484 ||| FLEEEEING.
 30485 | Vaults:4 | 30485 ||| FLEEEEING.
 30486 | Vaults:4 | 30486 ||| FLEEEEING.
 30487 | Vaults:4 | 30487 ||| FLEEEEING.
 30488 | Vaults:4 | 30488 ||| FLEEEEING.
 30489 | Vaults:4 | 30489 ||| FLEEEEING.
 30490 | Vaults:4 | 30490 ||| FLEEEEING.
 30491 | Vaults:4 | 30491 ||| FLEEEEING.
 30492 | Vaults:4 | 30492 ||| FLEEEEING.
 30498 | Vaults:4 | 30498 ||| FLEEEEING.
 30499 | Vaults:4 | 30499 ||| FLEEEEING.
 30500 | Vaults:4 | 30500 ||| FLEEEEING.
 30501 | Vaults:4 | 30501 ||| FLEEEEING.
 30502 | Vaults:4 | 30502 ||| FLEEEEING.
 30503 | Vaults:4 | 30503 ||| FLEEEEING.
 30504 | Vaults:4 | 30504 ||| FLEEEEING.
 30505 | Vaults:4 | 30505 ||| FLEEEEING.
 30506 | Vaults:4 | 30506 ||| FLEEEEING.
 30507 | Vaults:4 | 30507 ||| FLEEEEING.
 30508 | Vaults:4 | 30508 ||| FLEEEEING.
 30509 | Vaults:4 | 30509 ||| FLEEEEING.
 30512 | Vaults:4 | 30512 ||| FLEEEEING.
 30513 | Vaults:4 | 30513 ||| FLEEEEING.
 30514 | Vaults:4 | 30514 ||| FLEEEEING.
 30515 | Vaults:4 | 30515 ||| FLEEEEING.
 30516 | Vaults:4 | 30516 ||| FLEEEEING.
 30517 | Vaults:4 | 30517 ||| FLEEEEING.
 30518 | Vaults:4 | 30518 ||| FLEEEEING.
 30519 | Vaults:4 | 30519 ||| FLEEEEING.
 30520 | Vaults:4 | Identified the +5 scale mail "Wiamunt" {Drain Int+3 Slay+3}
                  | (Okawaru gifted it to you on level 4 of the Vaults)
 30520 | Vaults:4 | Received a gift from Okawaru
 30630 | Vaults:4 | Found a portal to a secret trove of treasure.
 30875 | Vaults:4 | 30875 ||| PLANNING SNAKE:4
 30875 | Vaults:4 | 30875 ||| SWAPPING to +6 longbow "Luim" {heavy, Contam
                  | rPois rN+}.
 31289 | Snake:4  | Entered Level 4 of the Snake Pit
 31294 | Snake:4  | 31294 ||| STAIRDANCE
 31413 | Snake:4  | 31413 ||| STAIRDANCE
 31592 | Snake:4  | 31592 ||| Stepping ~*~*~tactically~*~*~ (outnumbered).
 31594 | Snake:4  | 31594 ||| Stepping ~*~*~tactically~*~*~ (outnumbered).
 31596 | Snake:4  | 31596 ||| Stepping ~*~*~tactically~*~*~ (outnumbered).
 31602 | Snake:4  | 31602 ||| Stepping ~*~*~tactically~*~*~ (outnumbered).
 31608 | Snake:4  | 31608 ||| INVOKING Heroism.
 31612 | Snake:4  | 31612 ||| Stepping ~*~*~tactically~*~*~ (outnumbered).
 31614 | Snake:4  | 31614 ||| Stepping ~*~*~tactically~*~*~ (outnumbered).
 31618 | Snake:4  | 31618 ||| Stepping ~*~*~tactically~*~*~ (outnumbered).
 31673 | Snake:4  | 31673 ||| DROPPING +4 heavy arbalest.
 31682 | Snake:4  | 31682 ||| Stepping ~*~*~tactically~*~*~ (outnumbered).
 31684 | Snake:4  | 31684 ||| Stepping ~*~*~tactically~*~*~ (outnumbered).
 31814 | Snake:4  | Reached skill level 22 in Fighting
 31902 | Snake:4  | 31902 ||| INVOKING Heroism.
 31905 | Snake:4  | Received a gift from Okawaru
 31913 | Snake:4  | 31913 ||| INVOKING Heroism.
 32046 | Snake:4  | 32046 ||| Stepping ~*~*~tactically~*~*~ (outnumbered).
 32053 | Snake:4  | Noticed Vashnia
 32062 | Snake:4  | Killed Vashnia
 32068 | Snake:4  | 32068 ||| DROPPING +0 longbow.
 32157 | Snake:4  | Got a serpentine rune of Zot
 32555 | Snake:4  | 32555 ||| PLANNING DEPTHS
 32854 | Depths:1 | Entered Level 1 of the Depths
 32854 | Depths:1 | Found a one-way gateway to a ziggurat.
 32855 | Depths:1 | 32855 ||| INVOKING Heroism.
 32856 | Depths:1 | 32856 ||| INVOKING Finesse.
 32866 | Depths:1 | Noticed Saint Roka
 32879 | Depths:1 | 32879 ||| STAIRDANCE
 32879 | Depths:1 | HP: 33/145 [cyan ugly thing (5)]
 32881 | D:15     | 32881 ||| READING 12 scrolls of teleportation.
 32882 | D:15     | 32882 ||| DRINKING 8 potions of heal wounds.
 33035 | Depths:1 | 33035 ||| INVOKING Heroism.
 33036 | Depths:1 | 33036 ||| INVOKING Finesse.
 33059 | Depths:1 | 33059 ||| STAIRDANCE
 33064 | D:15     | Reached skill level 15 in Armour
 33144 | Depths:1 | 33144 ||| STAIRDANCE
 33146 | D:15     | 33146 ||| INVOKING Heroism.
 33147 | D:15     | 33147 ||| INVOKING Finesse.
 33198 | Depths:1 | 33198 ||| STAIRDANCE
 33232 | Depths:1 | 33232 ||| STAIRDANCE
 33268 | Depths:1 | Killed Saint Roka
 33290 | Depths:1 | 33290 ||| INVOKING Heroism.
 33291 | Depths:1 | 33291 ||| INVOKING Finesse.
 33297 | Depths:1 | Reached XP level 21. HP: 152/152 MP: 21/28
 33360 | Depths:1 | Found Voej's Book Shoppe.
 33362 | Depths:1 | Found Haxiux's Jewellery Emporium.
 33365 | Depths:1 | Found Ekiciv's Book Shoppe.
 33370 | Depths:1 | 33370 ||| BUYING amulet of Yptafuad {Acrobat rPois rN++
                  | rCorr Dex+3 Slay-5} (766 gold).
 33370 | Depths:1 | Bought the amulet of Yptafuad {Acrobat rPois rN++ rCorr
                  | Dex+3 Slay-5} for 766 gold pieces
 33374 | Depths:1 | 33374 ||| INVOKING Heroism.
 33389 | Depths:1 | 33389 ||| INVOKING Finesse.
 33434 | Depths:1 | Found a one-way gate to the infinite horrors of the Abyss.
 33435 | Depths:1 | Found a gateway to Hell.
 33550 | Depths:1 | 33550 ||| Stepping ~*~*~tactically~*~*~ (outnumbered).
 33562 | Depths:1 | 33562 ||| Stepping ~*~*~tactically~*~*~ (outnumbered).
 33638 | Depths:1 | Received a gift from Okawaru
 33652 | Depths:1 | 33652 ||| INVOKING Heroism.
 33654 | Depths:1 | 33654 ||| Stepping ~*~*~tactically~*~*~ (outnumbered).
 33660 | Depths:1 | Reached skill level 23 in Fighting
 33836 | Depths:1 | 33836 ||| INVOKING Heroism.
 33837 | Depths:1 | 33837 ||| INVOKING Finesse.
 34219 | Depths:2 | 34219 ||| INVOKING Heroism.
 34220 | Depths:2 | 34220 ||| INVOKING Finesse.
 34264 | Depths:2 | Noticed a bone dragon
 34269 | Depths:2 | 34269 ||| Stepping ~*~*~tactically~*~*~ (outnumbered).
 34300 | Depths:2 | 34300 ||| INVOKING Heroism.
 34395 | Depths:2 | Found a one-way gate leading to the halls of Pandemonium.
 34434 | Depths:2 | Killed a bone dragon
 34474 | Depths:2 | 34474 ||| Stepping ~*~*~tactically~*~*~ (outnumbered).
 34495 | Depths:2 | 34495 ||| INVOKING Heroism.
 34519 | Depths:2 | HP: 34/153 [spriggan air mage/the air (18)]
 34520 | Depths:2 | 34520 ||| READING 12 scrolls of teleportation.
 34521 | Depths:2 | 34521 ||| DRINKING 7 potions of heal wounds.
 34525 | Depths:2 | 34525 ||| INVOKING Heroism.
 34526 | Depths:2 | 34526 ||| FLEEEEING.
 34726 | Depths:2 | Found a shimmering blue altar of Sif Muna.
 34732 | Depths:2 | 34732 ||| INVOKING Heroism.
 34739 | Depths:2 | 34739 ||| Stepping ~*~*~tactically~*~*~ (outnumbered).
 34743 | Depths:2 | 34743 ||| Stepping ~*~*~tactically~*~*~ (outnumbered).
 34746 | Depths:2 | 34746 ||| Stepping ~*~*~tactically~*~*~ (outnumbered).
 34802 | Depths:2 | Noticed a dread lich
 34803 | Depths:2 | 34803 ||| INVOKING Heroism.
 34805 | Depths:2 | Killed a dread lich
 34805 | Depths:2 | Noticed an ancient lich
 34806 | Depths:2 | 34806 ||| INVOKING Finesse.
 34814 | Depths:2 | Killed an ancient lich
 34902 | Depths:2 | 34902 ||| INVOKING Heroism.
 34934 | Depths:2 | Identified the +11 hand axe "Ehoal" {freeze, rPois}
 35202 | Depths:2 | 35202 ||| INVOKING Heroism.
 35218 | Depths:2 | 35218 ||| Stepping ~*~*~tactically~*~*~ (cloud).
 35221 | Depths:2 | 35221 ||| Stepping ~*~*~tactically~*~*~ (cloud).
 35266 | Depths:2 | 35266 ||| Stepping ~*~*~tactically~*~*~ (outnumbered).
 35267 | Depths:2 | 35267 ||| Stepping ~*~*~tactically~*~*~ (outnumbered).
 35278 | Depths:2 | 35278 ||| INVOKING Heroism.
 35297 | Depths:2 | HP: 38/153 [spriggan air mage/the air (33)]
 35298 | Depths:2 | 35298 ||| READING 11 scrolls of teleportation.
 35309 | Depths:2 | 35309 ||| INVOKING Heroism.
 35353 | Depths:2 | 35353 ||| FLEEEEING.
 35354 | Depths:2 | 35354 ||| FLEEEEING.
 35355 | Depths:2 | 35355 ||| FLEEEEING.
 35356 | Depths:2 | 35356 ||| FLEEEEING.
 35357 | Depths:2 | 35357 ||| FLEEEEING.
 35358 | Depths:2 | 35358 ||| FLEEEEING.
 35359 | Depths:2 | 35359 ||| STAIRDANCE
 35761 | Depths:2 | Found a hazy altar of Hepliaklqana.
 35892 | Depths:3 | 35892 ||| INVOKING Heroism.
 35949 | Depths:3 | 35949 ||| INVOKING Heroism.
 35972 | Depths:3 | Reached XP level 22. HP: 79/161 MP: 29/29
 35983 | Depths:3 | 35983 ||| INVOKING Heroism.
 35998 | Depths:3 | Received a gift from Okawaru
 36001 | Depths:3 | Reached skill level 24 in Fighting
 36108 | Depths:3 | 36108 ||| Stepping ~*~*~tactically~*~*~ (outnumbered).
 36110 | Depths:3 | 36110 ||| Stepping ~*~*~tactically~*~*~ (outnumbered).
 36208 | Depths:3 | 36208 ||| INVOKING Heroism.
 36312 | Depths:3 | 36312 ||| DROPPING +1 heavy longbow.
 36423 | Depths:3 | 36423 ||| INVOKING Heroism.
 36424 | Depths:3 | 36424 ||| INVOKING Finesse.
 36557 | Depths:3 | 36557 ||| INVOKING Heroism.
 36687 | Depths:4 | Entered Level 4 of the Depths
 36740 | Depths:4 | 36740 ||| INVOKING Heroism.
 36742 | Depths:4 | 36742 ||| Stepping ~*~*~tactically~*~*~ (outnumbered).
 36746 | Depths:4 | 36746 ||| Stepping ~*~*~tactically~*~*~ (cloud).
 36903 | Depths:4 | Found a gate to the Realm of Zot.
 36903 | Depths:4 | Noticed a golden dragon
 36903 | Depths:4 | Noticed a golden dragon
 36904 | Depths:4 | 36904 ||| INVOKING Heroism.
 36920 | Depths:4 | Killed a golden dragon
 36920 | Depths:4 | HP: 33/159 [golden dragon (16)]
 36921 | Depths:4 | 36921 ||| READING 15 scrolls of teleportation.
 36922 | Depths:4 | 36922 ||| DRINKING 6 potions of heal wounds.
 36923 | Depths:4 | Noticed a juggernaut
 36929 | Depths:4 | Killed a juggernaut
 36929 | Depths:4 | HP: 38/161 [frost giant/+0 battleaxe of freezing (7)]
 36930 | Depths:4 | 36930 ||| READING 14 scrolls of teleportation.
 36931 | Depths:4 | 36931 ||| DRINKING 5 potions of heal wounds.
 36931 | Depths:4 | Noticed a golden dragon
 36933 | Depths:4 | 36933 ||| DRINKING 4 potions of heal wounds.
 36936 | Depths:4 | HP: 38/161 [spriggan berserker/+2 antimagic war axe (28)]
 36937 | Depths:4 | 36937 ||| READING 13 scrolls of teleportation.
 36937 | Depths:4 | HP: 5/161 [fire giant/bolt of fire (34)]
 36937 | Depths:4 | Mangled by a spriggan berserker

Levels and vault maps discovered:
D:1:      dpeg_arrival_arbitrary_c, layout_rooms, serial_curves, eino_curves_01,
          eino_curves_04, eino_curves_03, eino_curves_02,
          chequers_ecumenical_altar_simple
D:2:      layout_rooms
D:3:      layout_basic, mainiacjoe_overflow_24_doors
D:4:      layout_rooms, nicolae_qazlal_eye_of_the_storm, lemuel_round_altar,
          evilmike_ruin_ashenzari, mainiacjoe_overflow_tiny_flanked,
          minmay_temple_entry_glassed_door, uniq_duvessa, uniq_sigmund
D:5:      layout_basic, elyvilon_altar_1, nicolae_sif_muna_condensation,
          serial_bayou, serial_bayou_pond_e, serial_bayou_pond_d,
          serial_bayou_pond_d, serial_bayou_pond_b, serial_bayou_pond_e
D:6:      layout_rooms, marbit_many_paths, mainiacjoe_overflow_alcove_1,
          kiku_gazebo_garden_becter, grunt_decor_resistance, chequers_arboretum
D:7:      minmay_the_grid_octo_triangle [minmay_the_grid_octo_checkered,
          minmay_the_grid_octo_prize_big_c, minmay_the_grid_octo_horde],
          layout_basic, nicolae_overflow_crystal_walls, serial_shops,
          nicolae_shop_dealshenge
D:8:      layout_basic, nicolae_tso_besieged_by_evil, tgw_xom, special_room
          [special_room_orc], serial_shops, shop, uniq_grum
D:9:      layout_loops_cross, cheibriados_altar_1, grunt_dithmenos_shadows,
          erik_orc_1, gammafunk_ghost_smash, uniq_harold
D:10:     layout_basic, lemuel_tele_altar, uniq_snorg, uniq_maggie
D:11:     kennysheep_blocky_hall, layout_loops_ring, lair_entry_dummy,
          uniq_psyche
D:12:     gammafunk_jiyva_shrine, layout_stronghold
D:13:     layout_big_octagon, serial_shops, shop, nicolae_gozag_seed_capital
D:14:     layout_basic, ximxim_vaults_locker_room,
          hangedman_abyss_or_decor_passed
D:15:     gammafunk_depths_entry_grave, layout_loops_ring,
          hangedman_decor_lopped, chequers_serial_rivers_large_b, minmay_between
Temple:   nicolae_temple_ecumenical_triangle
Lair:1:   layout_roguey, serial_forest, infiniplex_forest_end_1,
          infiniplex_forest_straight_1, infiniplex_forest_lined_2,
          infiniplex_forest_end_1, infiniplex_forest_clump_small
Lair:2:   layout_roguey, palyth_hydra_swamp_entry,
          nicolae_snake_entry_warm_welcome, nzn_sisyphean_effort, uniq_fannar
Lair:3:   layout_misc_corridors, dreamdust_gnoll_shepherd
Lair:4:   layout_gridlike, minmay_slime_entry_oklob_open,
          gammafunk_ghost_wrathful_warriors, lemuel_fruit_fields
Lair:5:   gammafunk_lair_ancient_temple, layout_long_grid
Swamp:1:  layout_basic_swamp, hangedman_swamp_blocks, swamp_pool1, uniq_louise
Swamp:2:  layout_basic_swamp, nicolae_swamp_big_swirl
Swamp:3:  nicolae_swamp_flooded_prison, layout_basic_swamp,
          nicolae_swamp_treefoil, swamp_pool5, nicolae_swamp_stair_fork
Swamp:4:  swamp_old_school, layout_basic_swamp, uniq_mlioglotl
Snake:1:  nicolae_snake_shooting_gallery, layout_onion_interference,
          nicolae_specific_store, nicolae_snake_mages_go_home,
          lemuel_fruit_tree, uniq_aizul
Snake:2:  layout_layer_cave, serial_shops, nicolae_book_shop_shelving,
          grunt_ministairs_14, nicolae_snake_linked_coils, nicolae_integral_box
Snake:3:  cheibrodos_toxic_ritual, layout_chambers, serial_shops, shop,
          nicolae_elevator_lobby_plus, grunt_megastairs_4
Snake:4:  johnstein_snake_rune_scales, layout_rooms, grunt_ministairs_13,
          nicolae_snake_snake_lake
Orc:1:    layout_caves
Orc:2:    grunt_orc_community_town_hall, layout_caves,
          grunt_orc_community_big_house_1, grunt_orc_community_big_house_1,
          grunt_orc_community_house_2, grunt_orc_community_house_2,
          grunt_orc_community_house_1, grunt_orc_community_house_1,
          grunt_orc_community_house_2, grunt_orc_community_house_2,
          nicolae_volcano_entry_two_sided, serial_shops, shop, mines4_lemuel
Vaults:1: mu_enter_wizlab_2, vaults_mumra_minichess, v_misc_9, v_misc_22,
          nicolae_vaults_stepped_doors, nicolae_vaults_double_plus_3,
          nicolae_vaults_closet_pinwheel_5, v_misc_24, nicolae_vaults_alarming,
          v_misc_2, serial_ice_g, nicolae_vaults_house_1,
          layout_vaults_big_cross, serial_shops, shop, uniq_nikola, uniq_donald
Vaults:2: v_alt_pattern_6, nicolae_vaults_tangram_1, v_misc_28,
          nicolae_vaults_storage_closets_2, nicolae_vaults_little_squares_5,
          vaults_room_stairs_pillars, nicolae_vaults_puzzle_piece,
          nicolae_vaults_trapezoid_2, ontoclasm_vaults_loading_screen,
          nicolae_vaults_crenellated_ambush, nicolae_vaults_tetromino_L_2,
          layout_vaults_chaotic_city
Vaults:3: minmay_crypt_entry_vampire_xt, hangedman_vaults_slice, v_misc_18,
          v_pattern_2, nicolae_vaults_windows_and_doors_thing,
          nicolae_vaults_frosty_reception, vaults_room_boxed,
          nicolae_vaults_statue_guard, nicolae_vaults_double_plus_2,
          layout_vaults_ring
Vaults:4: hangedman_vaults_slice, nicolae_vaults_closet_pinwheel_6,
          nicolae_vaults_quartermaster, nicolae_vaults_apartment_2,
          nicolae_vaults_double_plus_1, ontoclasm_vaults_decontamination,
          layout_vaults_omnigrid, nicolae_trove_entry_isolated
Depths:1: layout_cave_shapes, enter_ziggurat_e, abyss_entry_crystal,
          special_room [special_room_mythical_zoo], hangedman_decor_opposing,
          hell_entry, minmay_misc_feat_ornament, minmay_fire_ice_demons,
          minmay_shop_star, uniq_saint_roka
Depths:2: evilmike_library_of_no_secrets, layout_honeycomb,
          grunt_mini_vestibule, abyss_entry_glasseish,
          nzn_hepliaklqana_mist_gate, pan_entry, minmay_staircase_statues,
          serial_bayou_shore_a
Depths:3: nicolae_whirlpool, layout_gridlike, nicolae_lava_and_water,
          hell_entry, abyss_entry, infiniplex_staircase_trident
Depths:4: grunt_x_marks_the_spot, layout_gridlike, nicolae_wwwww, pf_coc_iceberg

Skill      XL: |  1  2  3  4  5  6  7  8  9 10 11 12 13 14 15 16 17 18 19 20 21 22 |
---------------+-------------------------------------------------------------------+-----
Ranged Weapons | 5 6 7 8 9 11 13 14 16 17 19 20 | 20.0
Armour         | 1 2 3 4 5 6 8 10 12 13 15 16 | 16.0
Fighting       | 3 4 5 6 7 9 10 11 12 14 16 18 19 21 22 23 24 | 24.0
Dodging        | 2 4 5 7 8 9 10 11 14 15 16 17 | 17.8
Invocations    | 4 6 10 | 10.0
Stealth        | |  1.1

Action                     |  1- 3 |  4- 6 |  7- 9 | 10-12 | 13-15 | 16-18 | 19-21 | 22-24 || total
---------------------------+-------+-------+-------+-------+-------+-------+-------+-------++-------
   Fire: Shortbow          |   124 |    12 |       |       |       |       |       |       ||   136
         Longbow           |       |    36 |   145 |   466 |   887 |   649 |   845 |   133 ||  3161
         Arbalest          |       |       |       |       |       |   439 |   524 |       ||   963
 Invoke: Heroism           |       |       |     7 |    22 |    34 |    39 |    28 |     6 ||   136
         Finesse           |       |       |       |     2 |     8 |    13 |    11 |     1 ||    35
    Use: Scroll            |     2 |     3 |     4 |    11 |    11 |     4 |     3 |     3 ||    41
         Potion            |       |       |     2 |     5 |     1 |     7 |     2 |     3 ||    20
 Armour: Leather armour    |    14 |       |       |       |       |       |       |       ||    14
         Ring mail         |     3 |    26 |    55 |   188 |       |   223 |   387 |    77 ||   959
         Skin              |       |     2 |       |       |       |       |       |       ||     2
         Troll leather arm |       |       |       |    73 |   167 |    40 |       |       ||   280
  Dodge: Dodged            |    28 |    25 |    50 |   370 |   609 |   968 |  1894 |   335 ||  4279

Table legend:
 A = Non-vault XP
 B = Vault XP
 C = Vault XP percentage of total XP
 D = Non-vault monster count
 E = Vault monster count
 F = Vault count percentage of total count
                 A         B        C        D         E       F
            +---------+---------+-------+---------+---------+-------
      Total |  386754 |  246876 |  39.0 |     951 |     518 |  35.3
            +---------+---------+-------+---------+---------+-------
        D:1 |      30 |       0 |   0.0 |      15 |       0 |   0.0
        D:2 |      29 |       0 |   0.0 |      11 |       0 |   0.0
        D:3 |      34 |       0 |   0.0 |      10 |       0 |   0.0
        D:4 |     512 |     471 |  47.9 |      18 |       3 |  14.3
        D:5 |     898 |      92 |   9.3 |      24 |       3 |  11.1
        D:6 |     368 |      36 |   8.9 |      11 |       1 |   8.3
        D:7 |     927 |    1855 |  66.7 |      18 |      15 |  45.5
        D:8 |    1477 |    1799 |  54.9 |      10 |      37 |  78.7
        D:9 |    2700 |    1648 |  37.9 |      28 |      19 |  40.4
       D:10 |    3377 |    1405 |  29.4 |      27 |       2 |   6.9
       D:11 |    4862 |    1364 |  21.9 |      28 |       5 |  15.2
       D:12 |    6176 |       0 |   0.0 |      25 |       0 |   0.0
       D:13 |    7030 |       0 |   0.0 |      15 |       0 |   0.0
       D:14 |    7703 |    3028 |  28.2 |      19 |      12 |  38.7
       D:15 |   21796 |    7451 |  25.5 |      43 |      15 |  25.9
     Lair:1 |    5000 |       0 |   0.0 |      20 |       0 |   0.0
     Lair:2 |    6751 |    4744 |  41.3 |      34 |      10 |  22.7
     Lair:3 |    9287 |     795 |   7.9 |      29 |       4 |  12.1
     Lair:4 |    2934 |    1077 |  26.9 |      11 |       2 |  15.4
     Lair:5 |    5827 |    9919 |  63.0 |      16 |      24 |  60.0
    Swamp:1 |    5112 |    1218 |  19.2 |      13 |       1 |   7.1
    Swamp:2 |   14213 |       0 |   0.0 |      23 |       0 |   0.0
    Swamp:3 |    6916 |    2436 |  26.0 |      13 |       4 |  23.5
    Swamp:4 |   13755 |   19552 |  58.7 |      23 |      26 |  53.1
    Snake:1 |   15720 |    9138 |  36.8 |      36 |      13 |  26.5
    Snake:2 |   19243 |    1754 |   8.4 |      39 |       5 |  11.4
    Snake:3 |    4860 |    1765 |  26.6 |       8 |       2 |  20.0
    Snake:4 |   29418 |   27223 |  48.1 |      55 |      41 |  42.7
      Orc:1 |    5043 |       0 |   0.0 |      44 |       0 |   0.0
      Orc:2 |    2447 |    7434 |  75.2 |      26 |      90 |  77.6
   Vaults:1 |   15293 |   15965 |  51.1 |      30 |      21 |  41.2
   Vaults:2 |   22169 |   15746 |  41.5 |      29 |      22 |  43.1
   Vaults:3 |   25973 |   20213 |  43.8 |      48 |      32 |  40.0
   Vaults:4 |   31232 |   20813 |  40.0 |      48 |      26 |  35.1
   Depths:1 |   28977 |   19642 |  40.4 |      36 |      43 |  54.4
   Depths:2 |   25141 |   31104 |  55.3 |      33 |      25 |  43.1
   Depths:3 |   28120 |    4290 |  13.2 |      33 |       5 |  13.2
   Depths:4 |    5404 |   12899 |  70.5 |       2 |      10 |  83.3
            +---------+---------+-------+---------+---------+-------
